 Dungeon Crawl Stone Soup version 0.30-a0-222-ge547ba4400 (webtiles) character file.

Game seed: 8466179685132512637

844883 qw the Bringer of Light (level 27, -11/197 HPs)
             Began as a Gargoyle Fighter on Oct 8, 2022.
             Was the Champion of the Shining One.
             Mangled by an acid blob (20 damage)
             ... created by the Royal Jelly
             ... on level 5 of the Pits of Slime.
             The game lasted 00:34:50 (60669 turns).

qw the Bringer of Light (Gargoyle Fighter)         Turns: 60669, Time: 00:34:51

Health: -11/197    AC: 50    Str: 46    XL:     27
Magic:  17/40      EV: 14    Int: 23    God:    the Shining One [******]
Gold:   9240       SH: 32    Dex: 11    Spells: 26/26 levels left

rFire   . . .      SeeInvis .    A - +9 broad axe "Ziug" {flame, rCorr Dex+2 Stlth+}
rCold   + + +      Faith    .    M - +5 tower shield of Kutej {+Blink Str+4 Int+4}
rNeg    + + +      Spirit   .    O - +4 plate armour "Nuzumuso" {rC+++ Slay+5}
rPois   inf        Reflect  +    (helmet restricted)
rElec   +          Harm     .    C - +2 cloak
rCorr   +          Rampage  inf  K - +1 pair of gloves of Wekir {rN+ Regen+ Int-3}
Will    ++...                    q - +3 pair of seven-league boots {Rampage+∞}
Stlth   ..........               x - amulet "Kuoqim" {Reflect Drain rN+ Regen+ Int+4 SH+5}
HPRegen 2.12/turn                I - ring of Nujaz {Str+7 Int+6 Slay+4}
MPRegen 0.27/turn                h - ring "Igary" {Str+6 Dex+2 Slay+2}

@: about to teleport, marked, engulfed, corroded, flying, glowing
A: sickness immunity, AC +20, big wings, negative energy resistance 1,
electricity resistance, torment resistance 1, petrification resistance, horns 1,
clumsy 1, mutation resistance 1, weak 1
}: 9/15 runes: serpentine, barnacled, silver, golden, demonic, glowing, magical,
fiery, dark
a: Renounce Religion, Evoke Blink, Divine Shield, Cleansing Flame, Summon Divine
Warrior


You were on level 5 of the Pits of Slime.
You worshipped the Shining One.
The Shining One was exalted by your worship.
You visited 12 branches of the dungeon, and saw 55 of its levels.
You visited Pandemonium 1 time, and saw 9 of its levels.
You visited the Abyss 1 time.
You also visited: Sewer.

You collected 12891 gold pieces.
You spent 3651 gold pieces at shops.


Innate Abilities, Weirdness & Mutations

You are immune to sickness and miasma.
Your stone body is resilient. (AC +20)
You are immune to poison.
Your large and strong wings let you fly.
You resist negative energy. (rN+)
You are resistant to electric shocks. (rElec)
You are resistant to unholy torment.
You are immune to petrification.
You have a pair of small horns on your head.
You are clumsy. (Dex -2)
You are somewhat resistant to further mutation.
You are weak. (Str -2)


   Skills:
 + Level 26.8 Fighting
 + Level 3.9 Short Blades
 - Level 18.0 Axes
 - Level 14.0 Throwing
 - Level 25.0 Armour
 - Level 14.0 Dodging
 - Level 22.9 Shields
 O Level 27 Invocations


You had 26 spell levels left.
You didn't know any spells.
Your spell library was empty.

Inventory:

Hand Weapons
 A - the +9 broad axe "Ziug" (weapon) {flame, rCorr Dex+2 Stlth+}
   (You acquired it on level 8 of the Dungeon)

   It burns those it strikes, dealing additional fire damage.
   Big, fiery blades are also staple armaments of hydra-hunters.
   Dex:       It affects your dexterity (+2).
   rCorr:     It protects you from acid and corrosion.
   Stlth:     It makes you more stealthy.
 B - a +8 broad axe of holy wrath
Missiles
 a - 4 silver boomerangs (quivered)
 p - 60 boomerangs
 r - 10 boomerangs of dispersal
Armour
 f - the +10 plate armour "Gorrea" {Harm Will+ Regen+ Int-4}
   (Okawaru gifted it to you on level 3 of the Lair of Beasts)

   Int:       It affects your intelligence (-4).
   Regen:     It increases your rate of health regeneration.
   Harm:      It increases damage dealt and taken.
   Will:      It increases your willpower.
 q - the +3 pair of seven-league boots (worn) {Rampage+∞}
   (You acquired it on level 2 of the Orcish Mines)

   Its wearer moves as far as possible in that direction when moving towards
   enemies.
 s - the +0 pair of gloves "Yzimoyw" {rC- rCorr MP+9 Dex+9}
   (You found it on level 1 of the Realm of Zot)

   Dex:       It affects your dexterity (+9).
   rC:        It makes you vulnerable to cold.
   MP:        It affects your magic capacity (+9).
   rCorr:     It protects you from acid and corrosion.
 v - the -2 cloak "Goqeziu" {Will+++ Int-2 Dex+6}
   (Okawaru gifted it to you on level 2 of the Realm of Zot)

   Int:       It affects your intelligence (-2).
   Dex:       It affects your dexterity (+6).
   Will:      It greatly increases your willpower.
 w - +0 acid dragon scales
 y - a scarf of resistance
 C - a +2 cloak (worn)
 G - a +2 tower shield of cold resistance
 H - the -1 pair of boots of the Onion {rF+}
   (You found it on level 5 of the Lair of Beasts)

   rF:        It protects you from fire.
 K - the +1 pair of gloves of Wekir (worn) {rN+ Regen+ Int-3}
   (You bought it in a shop on level 13 of the Dungeon)

   Int:       It affects your intelligence (-3).
   rN:        It protects you from negative energy.
   Regen:     It increases your rate of health regeneration.
 M - the +5 tower shield of Kutej (worn) {+Blink Str+4 Int+4}
   (Okawaru gifted it to you on level 2 of the Vaults)

   Str:       It affects your strength (+4).
   Int:       It affects your intelligence (+4).
   +Blink:    It lets you blink.
 O - the +4 plate armour "Nuzumuso" (worn) {rC+++ Slay+5}
   (You found it on level 1 of the Depths)

   Slay:      It affects your accuracy & damage with ranged weapons and melee
   (+5).
   rC:        It renders you almost immune to cold.
Jewellery
 h - the ring "Igary" (right hand) {Str+6 Dex+2 Slay+2}
   (You found it on level 5 of the Vaults)

   [ring of strength]

   Str:       It affects your strength (+6).
   Dex:       It affects your dexterity (+2).
   Slay:      It affects your accuracy & damage with ranged weapons and melee
   (+2).
 o - the amulet "Kuynig" {Reflect rN++ rCorr Slay-2 SH+5}
   (You found it on level 2 of the Dungeon)

   [amulet of reflection]

   It reflects blocked missile attacks.
   Slay:      It affects your accuracy & damage with ranged weapons and melee
   (-2).
   rN:        It greatly protects you from negative energy.
   rCorr:     It protects you from acid and corrosion.
   SH:        It affects your SH (+5).
 x - the amulet "Kuoqim" (around neck) {Reflect Drain rN+ Regen+ Int+4 SH+5}
   (You took it off a demonspawn corrupter in Pandemonium)

   [amulet of reflection]

   It reflects blocked missile attacks.
   Int:       It affects your intelligence (+4).
   rN:        It protects you from negative energy.
   Regen:     It increases your rate of health regeneration.
   Drain:     It drains your maximum health when unequipped.
   SH:        It affects your SH (+5).
 I - the ring of Nujaz (left hand) {Str+7 Int+6 Slay+4}
   (You found it on level 3 of the Tomb of the Ancients)

   [ring of intelligence]

   Str:       It affects your strength (+7).
   Int:       It affects your intelligence (+6).
   Slay:      It affects your accuracy & damage with ranged weapons and melee
   (+4).
 N - the ring "Ezxug" {rC+ Will+ rCorr Int+2}
   (You found it on level 2 of the Depths)

   [ring of resist corrosion]

   Int:       It affects your intelligence (+2).
   rC:        It protects you from cold.
   rCorr:     It protects you from acid and corrosion.
   Will:      It increases your willpower.
 P - a ring of resist corrosion
Wands
 e - a wand of digging (25)
Scrolls
 g - 3 scrolls of identify
 i - 22 scrolls of teleportation
 F - 9 scrolls of enchant armour
 L - 4 scrolls of brand weapon
Potions
 b - 30 potions of curing
 d - 10 potions of might
 k - 9 potions of attraction
 l - 14 potions of lignification
 m - 11 potions of mutation
 n - 13 potions of haste
 u - 3 potions of heal wounds
 z - 5 potions of resistance
 D - 5 potions of magic

Dungeon Overview and Level Annotations

Branches:
Dungeon (15/15)            Temple (1/1) D:7            Lair (5/5) D:8
 Shoals (4/4) Lair:3        Snake (4/4) Lair:2        Slime (5/5) Lair:4
    Orc (2/2) D:11            Elf (0/3) Orc:2        Vaults (5/5) D:13
  Crypt (3/3) Vaults:2       Tomb (3/3) Crypt:3      Depths (4/4) D:15
    Zot (4/5) Depths:4      Sewer (visited)

Altars:
Ashenzari
Cheibriados
Dithmenos
Elyvilon
Fedhas
Gozag
Hepliaklqana
Kikubaaqudgha
Makhleb
Nemelex Xobeh
Okawaru
Qazlal
Ru
Sif Muna
Trog
Uskayaw
Vehumet
Wu Jian
Xom
Yredelemnul
Zin
The Shining One

Shops:
D:2 (   D:13 :?([   Orc:2 *!![   Vaults:3 :   Vaults:5 [   Depths:1 =::

Portals:
Hell: Depths:1 Depths:2 Depths:3 Depths:4
Abyss: Depths:3
Pandemonium: Depths:2 Depths:3 Depths:4
Ziggurat: Depths:4
Trove: Depths:4 (give 6 scrolls of fog)

Annotations:
D:5 3 runed translucent doors, qw's ghost, novice GrFi
Lair:1 2 transporters
Lair:3 1 runed translucent door, Irhican's ghost, journeyman MiBe
Slime:5 Royal Jelly
Crypt:3 3 runed translucent doors
Zot:3 36 runed doors


Message History

The golden eye blinks at you.
You are confused.
The rockslime hits you but does no damage.
60668 ||| DRINKING 31 potions of curing.
You feel better.
60668 ||| (to cure confusion)
You block the quicksilver ooze's attack. x2
The quicksilver ooze jiggles.
You block the quicksilver ooze's attack.
The quicksilver ooze hits you but does no damage.
The acid blob hits you!
You are splashed with acid.
You resist. The acid blob spits acid at you. The splash of acid hits you.
You resist. The acid corrodes you! The quicksilver ooze hits you.
The quicksilver ooze closely misses you.
Your angel hits the slime creature with a +2 whip of holy wrath. x2
The golden eye blinks!
You block the rockslime's attack. The acid blob barely misses you.
The quicksilver ooze hits you.
The quicksilver ooze hits you but does no damage.
The quicksilver ooze hits you.
The quicksilver ooze closely misses you.
The acid blob closely misses you.
60669 ||| READING 23 scrolls of teleportation.
As you read the scroll of teleportation, it crumbles to dust.
You feel strangely unstable.
You block the quicksilver ooze's attack. x2
You block the acid blob's attack.
Your angel hits the slime creature with a +2 whip of holy wrath! x2
You block the quicksilver ooze's attack.
The quicksilver ooze misses you.
You block the quicksilver ooze's attack.
The quicksilver ooze barely misses you. The golden eye blinks at you.
You resist with almost no effort. The acid blob spits acid at you.
The splash of acid hits you. You resist. The rockslime hits you!
You hold your ground!
The quicksilver ooze hits you. x2
You feel your power leaking away. The acid blob hits you!!
You die...

............##
.........<...#####
..............##.#
.................##
..................##
...................#
.....AJJ....^......#
#....JJJJ.........##..#
##...JJ@JJ...........#
###..JJJG............#
##.JG...............#
##.................#
##..G............##
#................#
#.................
#.................


You could see the Royal Jelly, 4 acid blobs, an azure jelly, a slime creature
(ally target), 2 rockslimes, 5 quicksilver oozes, 3 golden eyes and a friendly
angel (summoned).

Vanquished Creatures
  Cerebov (Pan)
  Gloorx Vloq (Pan)
  Lom Lobon (Pan)
  Mnoleg (Pan)
  A dread lich (Vaults:5)
  Khufu (Crypt:1)
  A juggernaut (Depths:3)
  Mennas (Vaults:2)
  24 royal mummies
  2 Killer Klowns
  Sojobo (Crypt:2)
  3 caustic shrikes (Depths:4)
  A curse toe (Zot:3)
  5 golden dragons
  the Enchantress (Depths:4)
  Jory (Crypt:3)
  2 Brimstone Fiends (Pan)
  18 tentacled monstrosities
  Rupert (D:14)
  2 electric golems
  2 pandemonium lords (Pan)
  A shard shrike zombie (Crypt:3)
  2 Ice Fiends (Pan)
  A shard shrike skeleton (Crypt:3)
  8 liches
  7 quicksilver dragons
  11 acid blobs
  26 titans
  3 deep elf blademasters
  6 deep elf master archers
  18 Executioners (Pan)
  An eldritch tentacle (Tomb:2)
  14 sphinxes
  11 ancient champions
  3 krakens
  Polyphemus (Shoals:4)
  Frances (D:13)
  7 death cobs
  Agnes (D:14)
  13 tengu reavers
  14 storm dragons
  9 draconian monks
  5 demonspawn warmongers (Pan)
  5 azure jellies
  7 shadow dragons
  3 revenants
  16 frost giants
  Roxanne (D:14)
  3 draconian knights
  7 rockslimes
  16 fire giants
  20 vault wardens
  Aizul (Shoals:1)
  6 nagarajas
  3 iron dragons
  8 draconian scorchers
  8 draconian shifters
  7 ghost moths
  2 caustic shrike zombies (Crypt:3)
  19 balrugs (Pan)
  21 cacodemons (Pan)
  5 ghouls
  2 orc warlords
  4 spriggan defenders
  5 spectral caustic shrikes (Depths:3)
  4 quicksilver oozes
  11 draconian annihilators
  8 draconian stormcallers
  5 curse skulls
  16 ironbound preservers
  4 demonspawn blood saints (Pan)
  2 reapers (Pan)
  6 demonspawn corrupters (Pan)
  30 very ugly things
  2 war gargoyles
  4 ironbound thunderhulks
  22 stone giants
  24 vampire knights
  8 dire elephants
  4 bennus
  A deep elf demonologist (Tomb:1)
  5 lorocyprocas (Pan)
  13 black draconians
  10 yellow draconians
  8 green draconians
  10 red draconians
  7 white draconians
  7 spark wasps
  2 demonspawn black suns (Pan)
  5 deep elf annihilators
  9 purple draconians
  Snorg (Orc:2)
  3 blizzard demons (Pan)
  8 eidola
  9 jiangshi
  3 merfolk javelineers (Shoals:4)
  20 mummy priests
  14 ettins
  11 fire dragons
  9 merfolk impalers
  7 great orbs of eyes
  4 green deaths (Pan)
  An entropy weaver (shapeshifter) (Vaults:5)
  A deep elf high priest (Vaults:5)
  15 yaktaur captains
  4 deep elf death magi
  Josephine (D:14)
  3 rakshasas
  Fannar (Lair:3)
  3 spriggan zombies (Crypt:3)
  A peacekeeper (Vaults:2)
  2 entropy weavers
  5 hydras
  8 ironbound frosthearts
  36 vault guards
  5 ice dragons
  A quicksilver dragon skeleton (Tomb:2)
  A bennu zombie (Crypt:2)
  6 anacondas
  8 spriggan air magi
  4 alligator snapping turtles
  6 ogre magi
  4 merfolk avatars
  10 tengu warriors
  10 boulder beetles
  4 death knights
  5 merfolk aquamancers
  19 centaur warriors
  10 death yaks
  2 catoblepae
  A two-headed ogre (shapeshifter) (Vaults:2)
  18 two-headed ogres
  3 satyrs
  A fenstrider witch skeleton (Pan)
  A titan zombie (Crypt:3)
  6 deep troll shamans
  A hell hog (Depths:1)
  13 naga warriors
  61 death scarabs
  11 vampire magi
  15 naga sharpshooters
  A bennu skeleton (Crypt:3)
  2 thrashing horrors (Abyss:3)
  An Orb Guardian skeleton (Crypt:3)
  11 deep troll earth magi
  5 shock serpents
  7 spriggan berserkers
  Nergalle (Orc:1)
  13 hell knights
  Sonja (D:13)
  Amaemon (D:8)
  12 soul eaters
  55 sun demons
  A wretched star (Abyss:3)
  7 iron trolls
  A titan skeleton (Crypt:3)
  48 skeletal warriors
  5 shadow wraiths (Pan)
  A spectral death yak (Lair:5)
  13 deep elf knights
  22 sixfirhies (Pan)
  11 salamander mystics
  46 deep trolls
  A bunyip zombie (Crypt:3)
  An iron giant zombie (Crypt:3)
  17 sea snakes
  10 naga ritualists
  11 shadow demons (Pan)
  A spectral anaconda (Lair:5)
  A kraken simulacrum (Shoals:4)
  A bog body (Crypt:1)
  An obsidian statue (Lair:5)
  12 wizards
  3 flayed ghosts
  A glowing orange brain (Vaults:3)
  7 lindwurms
  28 phantasmal warriors
  A tengu zombie (Crypt:3)
  A bunyip skeleton (Pan)
  10 deep elf archers
  Pikel (D:4)
  10 orc knights
  10 ironbound convokers
  7 deep elf zephyrmancers
  8 deep elf pyromancers
  26 harpies
  A shadow dragon skeleton (Pan)
  47 ugly things
  9 mana vipers
  A stone giant zombie (Crypt:1)
  8 necromancers
  An iron dragon zombie (Crypt:3)
  5 shining eyes
  2 wolf spiders
  9 cyclopes
  34 salamanders
  13 fauns
  A cyclops (shapeshifter) (D:13)
  A frost giant zombie (Crypt:3)
  16 manticores
  Maurice (D:13)
  A jorogumo skeleton (Crypt:1)
  13 moths of wrath
  2 rust devils (Pan)
  6 merfolk sirens
  15 elephants
  A naga zombie (Crypt:3)
  2 ice statues (D:15)
  An orc sorcerer (D:15)
  A fire giant skeleton (Crypt:2)
  42 black mambas
  2 guardian serpents
  9 naga magi
  20 smoke demons
  6 water nymphs (Shoals:4)
  An alligator snapping turtle zombie (Crypt:3)
  7 eyes of devastation
  2 stone giant skeletons
  An eye of devastation (shapeshifter) (Depths:2)
  15 vault sentinels
  A torpor snail (Lair:4)
  25 orange demons
  9 cane toads
  A rime drake (Lair:3)
  A centaur skeleton (Crypt:1)
  6 demonic crawlers (Pan)
  A gargoyle (D:13)
  A pale draconian zombie (Crypt:3)
  2 naga skeletons
  6 komodo dragons
  28 yaktaurs
  An unseen horror (D:13)
  18 hellwings (Pan)
  A tengu conjurer (D:15)
  46 guardian mummies
  8 efreet
  2 freezing wraiths (Crypt:1)
  5 hellions (Pan)
  Maggie (Lair:1)
  A tormentor (Pan)
  2 dire elephant skeletons
  An ancient zyme (Abyss:3)
  4 harpy zombies
  A death yak skeleton (Crypt:1)
  A queen bee (shapeshifter) (D:13)
  3 meliai (D:13)
  9 red devils
  A queen bee (D:13)
  6 trolls
  37 merfolk
  5 wind drakes
  3 polar bears
  A death drake zombie (Crypt:2)
  A harpy skeleton (Pan)
  70 slime creatures
  25 blink frogs
  17 snapping turtles
  10 dream sheep
  A spectral elephant (Lair:5)
  A black mamba zombie (Crypt:1)
  A slime creature (shapeshifter) (Vaults:1)
  19 flying skulls
  21 large abominations
  A spriggan (shapeshifter) (D:15)
  A jumping spider (Vaults:5)
  16 water elementals
  A spriggan (Depths:4)
  17 ynoxinuls
  2 shadows (D:11)
  13 wraiths
  A wyvern (Lair:3)
  21 ushabtiu
  19 fire elementals (Zot:1)
  A vampire (D:13)
  Grum (D:8)
  3 fire bats (Depths:4)
  2 golden eyes
  16 chaos spawn (Pan)
  4 basilisks
  2 steam dragons
  73 yaks
  15 neqoxecs (Pan)
  2 death yak simulacra (Lair:5)
  2 redbacks
  A vampire mosquito (D:13)
  A swamp worm (shapeshifter) (Vaults:5)
  9 wargs
  A spectral cane toad (Lair:5)
  41 nagas
  A water nymph zombie (Crypt:2)
  11 water moccasins
  A demonspawn skeleton (Crypt:1)
  4 acid dragons
  2 floating eyes
  A hell hound (Depths:1)
  A snapping turtle zombie (Crypt:2)
  An ice beast (D:7)
  A manticore zombie (Crypt:1)
  24 orc warriors
  2 sky beasts (D:8)
  4 starcursed masses (Abyss:3)
  35 ogres
  12 wolves
  3 lemures (D:4)
  9 centaurs
  2 swamp dragon skeletons (Pan)
  2 elephant skeletons (Lair:5)
  An elf zombie (Crypt:3)
  4 phantoms
  4 kobold brigands
  17 bullfrogs
  2 gnoll sergeants
  A scorpion (D:6)
  A draconian skeleton (Crypt:1)
  A necrophage (D:4)
  A water moccasin zombie (Crypt:1)
  13 wights
  A cyclops skeleton (Crypt:3)
  A water moccasin skeleton (D:4)
  50 killer bees
  3 small abominations (Abyss:3)
  12 howler monkeys
  3 electric eels (D:11)
  2 crimson imps (Pan)
  4 lava snakes (Snake:1)
  A wolf skeleton (Crypt:1)
  7 orc priests
  4 hounds
  A quasit (D:5)
  6 jellies
  An iron imp (Abyss:3)
  Ijyb (D:3)
  A black bear skeleton (Crypt:1)
  19 orc wizards
  2 iguanas
  A sky beast zombie (Crypt:3)
  3 hound zombies (D:4)
  52 mummies
  11 gnolls
  A howler monkey skeleton (D:4)
  13 adders
  7 river rats (Sewer)
  2 shadow imps
  A white imp (D:6)
  2 ufetubi (D:5)
  3 worms
  3 dart slugs
  57 orcs
  32 ball pythons
  11 endoplasms
  7 giant cockroaches
  7 goblins
  11 hobgoblins
  4 jackals (D:1)
  21 kobolds
  9 quokkas
  8 bats
  5 frilled lizards
  A gnoll skeleton (Crypt:2)
  A gnoll zombie (Crypt:3)
  A kobold zombie (Crypt:1)
  39 rats
  3 ball lightnings (Pan)
  A butterfly (Lair:5)
  5 fire vortices (Pan)
  10 tentacles
3038 creatures vanquished.

Vanquished Creatures (collateral kills)
  15 royal mummies
  2 pandemonium lords (Pan)
  An Ice Fiend (Pan)
  A deep elf master archer (Crypt:3)
  An Executioner (Pan)
  2 ancient champions (Tomb:2)
  A revenant (Tomb:2)
  An azure jelly (Slime:5)
  A balrug (Pan)
  A demonspawn corrupter (Pan)
  A reaper (Pan)
  A vampire knight (Crypt:3)
  2 bennus
  A purple draconian (Tomb:2)
  2 mummy priests
  A hell beast (Pan)
  14 death scarabs
  A vampire mage (Crypt:3)
  A soul eater (Pan)
  A deep elf knight (Crypt:3)
  3 sun demons (Pan)
  3 skeletal warriors (Crypt:3)
  A sixfirhy (Pan)
  A shadow demon (Pan)
  A deep elf archer (Tomb:2)
  A flayed ghost (Crypt:3)
  2 deep elf pyromancers
  A smoke demon (Pan)
  A demonic crawler (Pan)
  A hellion (Pan)
  An ice devil (Pan)
  An efreet (Pan)
  A hellwing (Pan)
  4 guardian mummies
  A large abomination (Pan)
  2 flying skulls
  An ushabti (Tomb:2)
  14 mummies
  A fire vortex (Pan)
92 creatures vanquished.

Vanquished Creatures (others)
  A titan (Crypt:1)
  An eldritch tentacle (Pan)
  A ghost moth (Zot:2)
  An ironbound preserver (Vaults:5)
  A naga sharpshooter (Snake:3)
  A red devil (Pan)
  2 nagas (Snake:4)
  An orc priest (Vaults:5)
  13 fungi
  45 plants
  9 tentacles
  22 withered plants
98 creatures vanquished.

Grand Total: 3228 creatures vanquished

Notes
Turn   | Place    | Note
-------+----------+-------------------------------------------
     0 | D:1      | qw the Gargoyle Fighter began the quest for the Orb.
     0 | D:1      | Reached XP level 1. HP: 14/14 MP: 1/1
     0 | D:1      | 0 ||| qw: Version: 0.2-a-17-g06abaee
     0 | D:1      | 0 ||| qw: Game counter: 2014
     0 | D:1      | 0 ||| qw: Always use a shield: true
     0 | D:1      | 0 ||| qw: God list: Okawaru
     0 | D:1      | 0 ||| qw: Allow faded altars: false
     0 | D:1      | 0 ||| qw: Do Orc after D:15 true
     0 | D:1      | 0 ||| qw: Do second Lair branch before Depths: true
     0 | D:1      | 0 ||| qw: Lair rune preference: random
     0 | D:1      | 0 ||| qw: Plans: Normal, Zot:1-4, God:TSO, Crypt, Tomb,
                  | Pan, Slime:5, Hells, Abyss, Orb
     0 | D:1      | 0 ||| PLANNING D:1-11
   122 | D:1      | 122 ||| Stepping ~*~*~tactically~*~*~ (stealth).
   125 | D:1      | Reached XP level 2. HP: 19/19 MP: 2/2
   129 | D:1      | 129 ||| Stepping ~*~*~tactically~*~*~ (stealth).
   135 | D:1      | 135 ||| Stepping ~*~*~tactically~*~*~ (stealth).
   427 | D:1      | Reached skill level 3 in Axes
   529 | D:1      | Reached XP level 3. HP: 23/23 MP: 3/3
   615 | D:1      | Found a faded altar of an unknown god.
   616 | D:1      | 616 ||| Stepping ~*~*~tactically~*~*~ (stealth).
   837 | D:1      | 837 ||| READING scroll labelled DIT IXTAETAR.
   838 | D:1      | 838 ||| READING scroll labelled BEARPH POECEC.
   839 | D:1      | 839 ||| READING scroll labelled IJADA HO SACLAUDGH.
   840 | D:1      | 840 ||| READING scroll labelled TEIGYM GAUTID.
   841 | D:1      | 841 ||| READING scroll labelled ILA WERCHIUMN.
   844 | D:1      | 844 ||| READING scroll labelled ANYISA NYUNA.
   912 | D:2      | 912 ||| Stepping ~*~*~tactically~*~*~ (stealth).
   913 | D:2      | 913 ||| Stepping ~*~*~tactically~*~*~ (stealth).
   919 | D:2      | 919 ||| Stepping ~*~*~tactically~*~*~ (stealth).
   923 | D:2      | 923 ||| Stepping ~*~*~tactically~*~*~ (stealth).
  1131 | D:2      | 1131 ||| Stepping ~*~*~tactically~*~*~ (stealth).
  1139 | D:2      | Reached XP level 4. HP: 26/28 MP: 4/4
  1165 | D:2      | Identified the amulet "Kuynig" {Reflect rN++ rCorr Slay-2
                  | SH+5}
  1454 | D:2      | Found Yfergh's Weapon Shop.
  1462 | D:2      | 1462 ||| BUYING +0 mace (30 gold).
  1462 | D:2      | Bought a +0 mace for 30 gold pieces
  1462 | D:2      | 1462 ||| DROPPING +0 club.
  1546 | D:2      | 1546 ||| UPGRADING to +0 helmet.
  1551 | D:2      | 1551 ||| UPGRADING to +2 helmet.
  1561 | D:2      | 1561 ||| DROPPING +0 helmet.
  1562 | D:2      | 1562 ||| UPGRADING to amulet "Kuynig" {Reflect rN++ rCorr
                  | Slay-2 SH+5}.
  1567 | D:2      | 1567 ||| READING scroll labelled FYK ORISHICRIJ.
  1568 | D:2      | 1568 ||| READING scroll labelled RAAHEVETIE.
  1569 | D:2      | 1569 ||| READING scroll labelled HITHRO WIEZOHIOCK.
  1570 | D:2      | 1570 ||| DRINKING 2 bubbling white potions.
  1571 | D:2      | 1571 ||| DRINKING 2 amethyst potions.
  1572 | D:2      | 1572 ||| DROPPING potion of brilliance.
  1705 | D:3      | 1705 ||| Stepping ~*~*~tactically~*~*~ (stealth).
  1797 | D:3      | You fall into a shaft and drop 2 floors!
  1797 | D:5      | Entered Level 5 of the Dungeon
  1798 | D:5      | 1798 ||| PLANNING SEWER
  1812 | D:5      | Noticed an ogre
  1821 | D:5      | Killed an ogre
  1822 | D:5      | Reached XP level 5. HP: 21/32 MP: 5/5
  1877 | D:5      | Found a runed translucent gate.
  1878 | D:5      | Found a runed translucent gate.
  1879 | D:5      | Found a runed translucent gate.
  1880 | D:5      | Noticed qw's ghost (novice GrFi)
  1880 | D:5      | Noticed qw's ghost (novice GrFi)
  1881 | D:5      | Noticed qw's ghost (novice GrFi)
  1881 | D:5      | Noticed qw's ghost (novice GrFi)
  1919 | D:5      | Noticed a phantom
  1936 | D:5      | Killed a phantom
  1937 | D:5      | Reached XP level 6. HP: 39/39 MP: 6/6
  2003 | D:5      | 2003 ||| Stepping ~*~*~tactically~*~*~ (stealth).
  2028 | D:5      | Reached skill level 1 in Dodging
  2160 | D:5      | Found a glowing drain.
  2162 | D:5      | 2162 ||| Stepping ~*~*~tactically~*~*~ (stealth).
  2176 | D:5      | 2176 ||| UPGRADING to +0 pair of gloves.
  2181 | D:5      | 2181 ||| DROPPING +2 helmet.
  2182 | D:5      | 2182 ||| UPGRADING to ring of protection from fire.
  2183 | D:5      | 2183 ||| READING scroll labelled KEIFUDDAOTO.
  2184 | D:5      | 2184 ||| READING scroll labelled JIETRO KIV PASOYCS.
  2185 | D:5      | 2185 ||| DRINKING 2 viscous dark potions.
  2269 | D:5      | 2269 ||| DRINKING 3 red potions.
  2269 | D:5      | Gained mutation: You are dopey. (Int -2) [potion of
                  | mutation]
  2269 | D:5      | Gained mutation: You expend magic power (3 MP) to
                  | strengthen your wands. [potion of mutation]
  2270 | D:5      | 2270 ||| DROPPING potion of berserk rage.
  2278 | Sewer    | Entered a sewer
  2360 | Sewer    | 2360 ||| Stepping ~*~*~tactically~*~*~ (stealth).
  2361 | Sewer    | 2361 ||| Stepping ~*~*~tactically~*~*~ (stealth).
  2426 | Sewer    | 2426 ||| Stepping ~*~*~tactically~*~*~ (stealth).
  2449 | Sewer    | 2449 ||| Stepping ~*~*~tactically~*~*~ (stealth).
  2512 | Sewer    | Reached XP level 7. HP: 44/44 MP: 7/7
  2515 | Sewer    | 2515 ||| Stepping ~*~*~tactically~*~*~ (stealth).
  2573 | Sewer    | 2573 ||| Stepping ~*~*~tactically~*~*~ (stealth).
  2598 | Sewer    | Reached skill level 6 in Axes
  2700 | Sewer    | 2700 ||| READING scroll of enchant weapon.
  2700 | Sewer    | 2700 ||| ENCHANTING +1 war axe of protection.
  2701 | Sewer    | 2701 ||| READING scroll labelled MOCONK IMAO.
  2702 | Sewer    | 2702 ||| READING 3 scrolls of identify.
  2702 | Sewer    | 2702 ||| IDENTIFYING smoky green potion
  2703 | Sewer    | 2703 ||| READING 2 scrolls of identify.
  2703 | Sewer    | 2703 ||| IDENTIFYING pink potion
  2707 | D:5      | 2707 ||| PLANNING D:1-11
  3066 | D:3      | 3066 ||| Stepping ~*~*~tactically~*~*~ (stealth).
  3069 | D:3      | 3069 ||| Stepping ~*~*~tactically~*~*~ (stealth).
  3074 | D:3      | 3074 ||| Stepping ~*~*~tactically~*~*~ (stealth).
  3119 | D:3      | Noticed Ijyb
  3120 | D:3      | 3120 ||| Stepping ~*~*~tactically~*~*~ (stealth).
  3135 | D:3      | 3135 ||| DRINKING potion of curing.
  3135 | D:3      | 3135 ||| (to cure confusion)
  3137 | D:3      | Killed Ijyb
  3191 | D:3      | 3191 ||| UPGRADING to +0 chain mail.
  3201 | D:3      | 3201 ||| DROPPING +0 scale mail.
  3202 | D:3      | 3202 ||| READING scroll labelled HIGEISHOEHE.
  3218 | D:4      | Reached XP level 8. HP: 49/49 MP: 8/8
  3298 | D:4      | Reached skill level 1 in Throwing
  3337 | D:4      | Found a bloodstained altar of Trog.
  3775 | D:4      | Noticed Pikel
  3776 | D:4      | 3776 ||| Stepping ~*~*~tactically~*~*~ (stealth).
  3779 | D:4      | 3779 ||| Stepping ~*~*~tactically~*~*~ (stealth).
  3821 | D:4      | Killed Pikel
  3822 | D:4      | Reached XP level 9. HP: 30/57 MP: 9/9
  3914 | D:4      | 3914 ||| DROPPING +0 mace.
  3987 | D:4      | 3987 ||| Stepping ~*~*~tactically~*~*~ (hiding).
  3990 | D:4      | 3990 ||| Stepping ~*~*~tactically~*~*~ (hiding).
  4184 | D:4      | 4184 ||| Stepping ~*~*~tactically~*~*~ (stealth).
  4302 | D:4      | 4302 ||| UPGRADING to +6 ring of dexterity.
  4303 | D:4      | 4303 ||| DRINKING 2 puce potions.
  4404 | D:4      | 4404 ||| READING 2 scrolls of identify.
  4404 | D:4      | 4404 ||| IDENTIFYING fuming amethyst potion
  4405 | D:4      | 4405 ||| DROPPING potion of magic.
  4406 | D:4      | 4406 ||| DROPPING potion of ambrosia.
  4631 | D:5      | Found a radiant altar of Vehumet.
  4783 | D:5      | 4783 ||| UPGRADING to ring of protection from cold.
  4785 | D:5      | 4785 ||| READING scroll labelled GOZXOCZEPI.
  4911 | D:6      | 4911 ||| Stepping ~*~*~tactically~*~*~ (stealth).
  4919 | D:6      | 4919 ||| Stepping ~*~*~tactically~*~*~ (stealth).
  4923 | D:6      | 4923 ||| Stepping ~*~*~tactically~*~*~ (stealth).
  5005 | D:6      | Reached skill level 9 in Axes
  5148 | D:6      | 5148 ||| READING 2 scrolls of brand weapon.
  5148 | D:6      | 5148 ||| BRANDING +2 war axe of protection.
  5149 | D:6      | 5149 ||| READING scroll of brand weapon.
  5149 | D:6      | 5149 ||| BRANDING +2 war axe of venom.
  5291 | D:6      | 5291 ||| Stepping ~*~*~tactically~*~*~ (hiding).
  5295 | D:6      | 5295 ||| Stepping ~*~*~tactically~*~*~ (hiding).
  5296 | D:6      | 5296 ||| Stepping ~*~*~tactically~*~*~ (hiding).
  5386 | D:6      | 5386 ||| UPGRADING to +2 pair of boots.
  5391 | D:6      | 5391 ||| DROPPING orb of guile.
  5392 | D:6      | 5392 ||| DRINKING 2 bubbling cyan potions.
  5393 | D:6      | 5393 ||| READING 2 scrolls of identify.
  5393 | D:6      | 5393 ||| IDENTIFYING inky potion
  5494 | D:7      | 5494 ||| DROPPING +0 whip of flaming.
  5505 | D:7      | Found a staircase to the Ecumenical Temple.
  5506 | D:7      | 5506 ||| PLANNING TEMPLE
  5508 | D:7      | 5508 ||| Stepping ~*~*~tactically~*~*~ (stealth).
  5519 | Temple   | Entered the Ecumenical Temple
  5533 | Temple   | 5533 ||| PLANNING OKAWARU WORSHIP
  5566 | Temple   | Became a worshipper of Warmaster Okawaru
  5567 | Temple   | 5567 ||| PLANNING D:1-11
  5829 | D:7      | 5829 ||| Stepping ~*~*~tactically~*~*~ (hiding).
  5830 | D:7      | 5830 ||| Stepping ~*~*~tactically~*~*~ (hiding).
  5831 | D:7      | 5831 ||| Stepping ~*~*~tactically~*~*~ (hiding).
  5847 | D:7      | 5847 ||| Stepping ~*~*~tactically~*~*~ (stealth).
  5851 | D:7      | 5851 ||| Stepping ~*~*~tactically~*~*~ (hiding).
  5914 | D:7      | 5914 ||| Stepping ~*~*~tactically~*~*~ (stealth).
  5915 | D:7      | 5915 ||| Stepping ~*~*~tactically~*~*~ (stealth).
  6066 | D:7      | 6066 ||| Stepping ~*~*~tactically~*~*~ (stealth).
  6071 | D:7      | Reached XP level 10. HP: 63/63 MP: 10/10
  6086 | D:7      | 6086 ||| Stepping ~*~*~tactically~*~*~ (stealth).
  6088 | D:7      | 6088 ||| Stepping ~*~*~tactically~*~*~ (stealth).
  6095 | D:7      | Reached skill level 6 in Armour
  6097 | D:7      | Reached * piety under Okawaru
  6257 | D:7      | 6257 ||| UPGRADING to +0 plate armour.
  6267 | D:7      | 6267 ||| DROPPING +0 chain mail.
  6268 | D:7      | 6268 ||| READING 2 scrolls of identify.
  6268 | D:7      | 6268 ||| IDENTIFYING brown potion
  6269 | D:7      | 6269 ||| DROPPING potion of invisibility.
  6369 | D:8      | 6369 ||| Stepping ~*~*~tactically~*~*~ (stealth).
  6371 | D:8      | 6371 ||| INVOKING Heroism.
  6380 | D:8      | Reached skill level 1 in Invocations
  6401 | D:8      | 6401 ||| DROPPING +0 flail.
  6411 | D:8      | Reached skill level 2 in Invocations
  6433 | D:8      | 6433 ||| Stepping ~*~*~tactically~*~*~ (stealth).
  6435 | D:8      | 6435 ||| Stepping ~*~*~tactically~*~*~ (stealth).
  6437 | D:8      | 6437 ||| INVOKING Heroism.
  6455 | D:8      | Reached skill level 3 in Invocations
  6480 | D:8      | Noticed Amaemon
  6480 | D:8      | Noticed an orange demon
  6481 | D:8      | 6481 ||| INVOKING Heroism.
  6506 | D:8      | Killed Amaemon
  6506 | D:8      | Reached ** piety under Okawaru
  6507 | D:8      | Reached skill level 3 in Throwing
  6507 | D:8      | Reached skill level 4 in Invocations
  6508 | D:8      | 6508 ||| INVOKING Heroism.
  6509 | D:8      | Killed an orange demon
  6577 | D:8      | 6577 ||| DROPPING +0 morningstar.
  6643 | D:8      | 6643 ||| Stepping ~*~*~tactically~*~*~ (stealth).
  6644 | D:8      | Noticed Grum
  6645 | D:8      | 6645 ||| INVOKING Heroism.
  6659 | D:8      | Killed Grum
  6849 | D:8      | Found a staircase to the Lair.
  6908 | D:8      | 6908 ||| Stepping ~*~*~tactically~*~*~ (hiding).
  6911 | D:8      | 6911 ||| Stepping ~*~*~tactically~*~*~ (hiding).
  7006 | D:8      | Found a glowing silver altar of Zin.
  7009 | D:8      | Found an ancient bone altar of Kikubaaqudgha.
  7013 | D:8      | Found a broken altar of Ashenzari.
  7013 | D:8      | Found a basalt altar of Yredelemnul.
  7014 | D:8      | Found a sacrificial altar of Ru.
  7016 | D:8      | Found a hide-covered altar of Uskayaw.
  7017 | D:8      | Found an opulent altar of Gozag.
  7018 | D:8      | Found a shimmering blue altar of Sif Muna.
  7133 | D:8      | 7133 ||| PLANNING LAIR
  7133 | D:8      | 7133 ||| READING 2 scrolls labelled HEGOXI XAXT.
  7133 | D:8      | Identified 2 scrolls of acquirement
  7133 | D:8      | 7133 ||| ACQUIRING +9 broad axe "Ziug" {flame, rCorr Dex+2
                  | Stlth+}
  7133 | D:8      | Acquired the +9 broad axe "Ziug" {flame, rCorr Dex+2
                  | Stlth+}
  7135 | D:8      | 7135 ||| SWAPPING to +9 broad axe "Ziug" {flame, rCorr
                  | Dex+2 Stlth+}.
  7136 | D:8      | 7136 ||| DROPPING +4 war axe.
  7137 | D:8      | 7137 ||| DROPPING +0 demon whip of venom.
  7138 | D:8      | 7138 ||| DROPPING +2 war axe of draining.
  7139 | D:8      | 7139 ||| READING scroll of acquirement.
  7139 | D:8      | 7139 ||| ACQUIRING ring of Ceej {Wiz rCorr Stlth+}
  7139 | D:8      | Acquired the ring of Ceej {Wiz rCorr Stlth+}
  7184 | Lair:1   | Entered Level 1 of the Lair of Beasts
  7184 | Lair:1   | Noticed a black mamba
  7185 | Lair:1   | 7185 ||| INVOKING Heroism.
  7192 | Lair:1   | Killed a black mamba
  7192 | Lair:1   | Reached *** piety under Okawaru
  7243 | Lair:1   | 7243 ||| INVOKING Heroism.
  7260 | Lair:1   | Reached XP level 11. HP: 68/68 MP: 14/14
  7290 | Lair:1   | Found a transporter.
  7305 | Lair:1   | 7305 ||| INVOKING Heroism.
  7362 | Lair:1   | 7362 ||| INVOKING Heroism.
  7502 | Lair:1   | Noticed Maggie
  7503 | Lair:1   | 7503 ||| Stepping ~*~*~tactically~*~*~ (stealth).
  7509 | Lair:1   | Received a gift from Okawaru
  7513 | Lair:1   | 7513 ||| INVOKING Heroism.
  7515 | Lair:1   | Killed Maggie
  7516 | Lair:1   | Reached skill level 9 in Fighting
  7670 | Lair:1   | 7670 ||| INVOKING Heroism.
  7692 | Lair:1   | 7692 ||| INVOKING Heroism.
  7699 | Lair:1   | Reached **** piety under Okawaru
  7779 | Lair:1   | 7779 ||| INVOKING Heroism.
  7780 | Lair:1   | 7780 ||| Stepping ~*~*~tactically~*~*~ (stealth).
  7792 | Lair:1   | Reached skill level 5 in Invocations
  7831 | Lair:1   | 7831 ||| INVOKING Heroism.
  7889 | Lair:1   | Found a transporter.
  8108 | Lair:1   | 8108 ||| DRINKING 2 lumpy pink potions.
  8109 | Lair:1   | 8109 ||| DROPPING potion of degeneration.
  8154 | Lair:2   | 8154 ||| INVOKING Heroism.
  8322 | Lair:2   | Reached skill level 6 in Invocations
  8342 | Lair:2   | Noticed a six-headed hydra
  8345 | Lair:2   | 8345 ||| INVOKING Heroism.
  8353 | Lair:2   | Killed a one-headed hydra
  8354 | Lair:2   | 8354 ||| Stepping ~*~*~tactically~*~*~ (hiding).
  8355 | Lair:2   | 8355 ||| Stepping ~*~*~tactically~*~*~ (hiding).
  8364 | Lair:2   | Reached ***** piety under Okawaru
  8453 | Lair:2   | Found a staircase to the Snake Pit.
  8465 | Lair:2   | Noticed a four-headed hydra
  8466 | Lair:2   | 8466 ||| INVOKING Heroism.
  8470 | Lair:2   | Killed a two-headed hydra
  8540 | Lair:2   | 8540 ||| INVOKING Heroism.
  8551 | Lair:2   | Reached skill level 7 in Invocations
  8779 | Lair:2   | 8779 ||| INVOKING Heroism.
  8785 | Lair:2   | Reached XP level 12. HP: 76/76 MP: 14/17
  9048 | Lair:2   | 9048 ||| UPGRADING to +1 cloak.
  9053 | Lair:2   | 9053 ||| UPGRADING to amulet of regeneration.
  9063 | Lair:2   | 9063 ||| UPGRADING to +4 ring of evasion.
  9065 | Lair:2   | 9065 ||| READING scroll labelled ACWOZO JITO.
  9066 | Lair:2   | 9066 ||| READING scroll labelled TUAGAO IVUROBA.
  9067 | Lair:2   | 9067 ||| DRINKING 2 clear potions.
  9068 | Lair:2   | 9068 ||| READING 2 scrolls of identify.
  9068 | Lair:2   | 9068 ||| IDENTIFYING ruby potion
  9120 | Lair:3   | 9120 ||| Stepping ~*~*~tactically~*~*~ (stealth).
  9131 | Lair:3   | Reached skill level 9 in Armour
  9151 | Lair:3   | Noticed a boulder beetle
  9152 | Lair:3   | 9152 ||| INVOKING Heroism.
  9153 | Lair:3   | 9153 ||| INVOKING Finesse.
  9168 | Lair:3   | Killed a boulder beetle
  9234 | Lair:3   | Found a staircase to the Shoals.
  9263 | Lair:3   | 9263 ||| INVOKING Heroism.
  9266 | Lair:3   | Reached skill level 8 in Invocations
  9277 | Lair:3   | Reached skill level 12 in Axes
  9286 | Lair:3   | 9286 ||| Stepping ~*~*~tactically~*~*~ (stealth).
  9289 | Lair:3   | 9289 ||| Stepping ~*~*~tactically~*~*~ (stealth).
  9298 | Lair:3   | Identified the +10 plate armour "Gorrea" {Harm Will+ Regen+
                  | Int-4} (Okawaru gifted it to you on level 3 of the Lair of
                  | Beasts)
  9298 | Lair:3   | Received a gift from Okawaru
  9324 | Lair:3   | 9324 ||| Stepping ~*~*~tactically~*~*~ (stealth).
  9326 | Lair:3   | 9326 ||| INVOKING Heroism.
  9368 | Lair:3   | 9368 ||| INVOKING Heroism.
  9380 | Lair:3   | Reached skill level 9 in Invocations
  9381 | Lair:3   | Reached skill level 6 in Shields
  9460 | Lair:3   | Found a runed translucent door.
  9464 | Lair:3   | Noticed Irhican's ghost (journeyman MiBe)
  9495 | Lair:3   | 9495 ||| Stepping ~*~*~tactically~*~*~ (stealth).
  9497 | Lair:3   | 9497 ||| INVOKING Heroism.
  9590 | Lair:3   | Noticed an eight-headed hydra
  9591 | Lair:3   | 9591 ||| INVOKING Heroism.
  9592 | Lair:3   | Noticed Fannar
  9603 | Lair:3   | Killed a two-headed hydra
  9611 | Lair:3   | Killed Fannar
  9612 | Lair:3   | Reached skill level 10 in Invocations
  9949 | Lair:3   | 9949 ||| UPGRADING to +10 plate armour "Gorrea" {Harm Will+
                  | Regen+ Int-4}.
  9959 | Lair:3   | 9959 ||| DROPPING +0 plate armour.
  9960 | Lair:3   | 9960 ||| UPGRADING to scarf of resistance.
  9970 | Lair:3   | 9970 ||| UPGRADING to +6 ring of dexterity.
  9984 | Lair:4   | 9984 ||| INVOKING Heroism.
  9985 | Lair:4   | 9985 ||| STAIRDANCE
 10019 | Lair:4   | 10019 ||| STAIRDANCE
 10024 | Lair:3   | Reached skill level 3 in Dodging
 10091 | Lair:4   | 10091 ||| Stepping ~*~*~tactically~*~*~ (stealth).
 10093 | Lair:4   | 10093 ||| INVOKING Heroism.
 10094 | Lair:4   | 10094 ||| Stepping ~*~*~tactically~*~*~ (stealth).
 10098 | Lair:4   | 10098 ||| Stepping ~*~*~tactically~*~*~ (stealth).
 10106 | Lair:4   | Reached XP level 13. HP: 82/82 MP: 18/20
 10174 | Lair:4   | Found a staircase to the Slime Pits.
 10181 | Lair:4   | 10181 ||| INVOKING Heroism.
 10219 | Lair:4   | 10219 ||| INVOKING Heroism.
 10252 | Lair:4   | 10252 ||| INVOKING Heroism.
 10371 | Lair:4   | 10371 ||| Stepping ~*~*~tactically~*~*~ (hiding).
 10373 | Lair:4   | 10373 ||| Stepping ~*~*~tactically~*~*~ (hiding).
 10502 | Lair:4   | 10502 ||| Stepping ~*~*~tactically~*~*~ (stealth).
 10504 | Lair:4   | 10504 ||| INVOKING Heroism.
 10793 | Lair:4   | 10793 ||| UPGRADING to +4 ring of slaying {mikee}.
 10795 | Lair:4   | 10795 ||| DROPPING +6 ring of dexterity.
 10796 | Lair:4   | 10796 ||| READING 4 scrolls of identify.
 10796 | Lair:4   | 10796 ||| IDENTIFYING viscous puce potion
 10797 | Lair:4   | 10797 ||| DROPPING potion of flight.
 10818 | Lair:5   | Entered Level 5 of the Lair of Beasts
 10819 | Lair:5   | 10819 ||| INVOKING Heroism.
 10820 | Lair:5   | 10820 ||| STAIRDANCE
 10822 | Lair:4   | 10822 ||| INVOKING Finesse.
 10828 | Lair:4   | Received a gift from Okawaru
 10866 | Lair:5   | 10866 ||| STAIRDANCE
 10868 | Lair:4   | 10868 ||| INVOKING Heroism.
 10869 | Lair:4   | 10869 ||| INVOKING Finesse.
 10951 | Lair:5   | 10951 ||| INVOKING Heroism.
 10952 | Lair:5   | 10952 ||| INVOKING Finesse.
 11022 | Lair:5   | Reached ****** piety under Okawaru
 11053 | Lair:5   | 11053 ||| INVOKING Heroism.
 11192 | Lair:5   | 11192 ||| INVOKING Heroism.
 11195 | Lair:5   | Received a gift from Okawaru
 11226 | Lair:5   | Identified the -1 pair of boots of the Onion {rF+}
 11233 | Lair:5   | 11233 ||| Stepping ~*~*~tactically~*~*~ (stealth).
 11238 | Lair:5   | 11238 ||| Stepping ~*~*~tactically~*~*~ (stealth).
 11241 | Lair:5   | 11241 ||| Stepping ~*~*~tactically~*~*~ (stealth).
 11247 | Lair:5   | 11247 ||| INVOKING Heroism.
 11283 | Lair:5   | 11283 ||| Stepping ~*~*~tactically~*~*~ (stealth).
 11319 | Lair:5   | Noticed a dire elephant
 11319 | Lair:5   | Noticed a dire elephant
 11319 | Lair:5   | Noticed a dire elephant
 11320 | Lair:5   | Noticed a dire elephant
 11321 | Lair:5   | 11321 ||| INVOKING Heroism.
 11324 | Lair:5   | Noticed a dire elephant
 11325 | Lair:5   | Killed a dire elephant
 11333 | Lair:5   | Killed a dire elephant
 11358 | Lair:5   | Received a gift from Okawaru
 11399 | Lair:5   | Gained mutation: Your large and strong wings let you fly.
                  | [Gargoyle growth]
 11399 | Lair:5   | Reached XP level 14. HP: 90/90 MP: 21/21
 11440 | Lair:5   | Identified the +0 robe of Ibbaggob {Rampage Slay+3}
 11491 | Lair:5   | 11491 ||| INVOKING Heroism.
 11656 | Lair:5   | 11656 ||| Stepping ~*~*~tactically~*~*~ (stealth).
 11657 | Lair:5   | 11657 ||| Stepping ~*~*~tactically~*~*~ (stealth).
 11659 | Lair:5   | 11659 ||| Stepping ~*~*~tactically~*~*~ (stealth).
 11661 | Lair:5   | 11661 ||| INVOKING Heroism.
 11704 | Lair:5   | 11704 ||| INVOKING Heroism.
 11858 | Lair:5   | Reached skill level 15 in Axes
 11973 | Lair:5   | 11973 ||| INVOKING Heroism.
 11974 | Lair:5   | 11974 ||| INVOKING Finesse.
 12057 | Lair:5   | 12057 ||| INVOKING Heroism.
 12060 | Lair:5   | Killed a dire elephant
 12066 | Lair:5   | Killed a dire elephant
 12071 | Lair:5   | Killed a dire elephant
 12106 | Lair:5   | 12106 ||| INVOKING Heroism.
 12107 | Lair:5   | 12107 ||| INVOKING Finesse.
 12109 | Lair:5   | Received a gift from Okawaru
 12269 | Lair:5   | 12269 ||| PLANNING D:1-11
 12269 | Lair:5   | 12269 ||| UPGRADING to +2 kite shield of poison resistance.
 12279 | Lair:5   | 12279 ||| DROPPING +0 buckler.
 12280 | Lair:5   | 12280 ||| DROPPING amulet of faith.
 12413 | D:9      | 12413 ||| INVOKING Heroism.
 12436 | D:9      | 12436 ||| Stepping ~*~*~tactically~*~*~ (hiding).
 12439 | D:9      | 12439 ||| Stepping ~*~*~tactically~*~*~ (stealth).
 12443 | D:9      | 12443 ||| Stepping ~*~*~tactically~*~*~ (hiding).
 12466 | D:9      | 12466 ||| Stepping ~*~*~tactically~*~*~ (hiding).
 12472 | D:9      | 12472 ||| Stepping ~*~*~tactically~*~*~ (hiding).
 12474 | D:9      | 12474 ||| Stepping ~*~*~tactically~*~*~ (stealth).
 12482 | D:9      | 12482 ||| Stepping ~*~*~tactically~*~*~ (stealth).
 12483 | D:9      | 12483 ||| Stepping ~*~*~tactically~*~*~ (stealth).
 12603 | D:9      | 12603 ||| Stepping ~*~*~tactically~*~*~ (stealth).
 12789 | D:9      | 12789 ||| Stepping ~*~*~tactically~*~*~ (hiding).
 13943 | D:10     | Entered Level 10 of the Dungeon
 13984 | D:10     | 13984 ||| Stepping ~*~*~tactically~*~*~ (stealth).
 13991 | D:10     | 13991 ||| Stepping ~*~*~tactically~*~*~ (stealth).
 14097 | D:10     | Reached skill level 9 in Shields
 14140 | D:10     | 14140 ||| Stepping ~*~*~tactically~*~*~ (stealth).
 14142 | D:10     | 14142 ||| INVOKING Heroism.
 14171 | D:10     | 14171 ||| Stepping ~*~*~tactically~*~*~ (stealth).
 14180 | D:10     | 14180 ||| Stepping ~*~*~tactically~*~*~ (stealth).
 14750 | D:11     | 14750 ||| INVOKING Heroism.
 14762 | D:11     | 14762 ||| Stepping ~*~*~tactically~*~*~ (stealth).
 15041 | D:11     | Identified the +0 robe of Ogedghyj {Rampage Fly Will+}
                  | (Okawaru gifted it to you on level 11 of the Dungeon)
 15041 | D:11     | Received a gift from Okawaru
 15175 | D:11     | 15175 ||| INVOKING Heroism.
 15214 | D:11     | 15214 ||| INVOKING Heroism.
 15239 | D:11     | Found a staircase to the Orcish Mines.
 15484 | D:11     | 15484 ||| PLANNING D
 15560 | D:12     | 15560 ||| INVOKING Heroism.
 15561 | D:12     | 15561 ||| INVOKING Finesse.
 15773 | D:12     | 15773 ||| INVOKING Heroism.
 15774 | D:12     | 15774 ||| INVOKING Finesse.
 16250 | D:12     | 16250 ||| DROPPING +1 hat.
 16286 | D:13     | 16286 ||| STAIRDANCE
 16295 | D:13     | 16295 ||| STAIRDANCE
 16297 | D:12     | 16297 ||| INVOKING Heroism.
 16311 | D:13     | 16311 ||| STAIRDANCE
 16321 | D:13     | Noticed Maurice
 16333 | D:13     | Killed Maurice
 16348 | D:13     | Noticed Frances
 16349 | D:13     | 16349 ||| INVOKING Heroism.
 16350 | D:13     | 16350 ||| INVOKING Finesse.
 16357 | D:13     | Killed Frances
 16358 | D:13     | Reached XP level 15. HP: 95/95 MP: 15/22
 16431 | D:13     | 16431 ||| Stepping ~*~*~tactically~*~*~ (hiding).
 16436 | D:13     | 16436 ||| INVOKING Heroism.
 16448 | D:13     | Reached skill level 12 in Shields
 16459 | D:13     | 16459 ||| Stepping ~*~*~tactically~*~*~ (hiding).
 16473 | D:13     | 16473 ||| INVOKING Heroism.
 16484 | D:13     | 16484 ||| Stepping ~*~*~tactically~*~*~ (stealth).
 16491 | D:13     | Reached skill level 12 in Fighting
 16492 | D:13     | 16492 ||| Stepping ~*~*~tactically~*~*~ (stealth).
 16521 | D:13     | 16521 ||| Stepping ~*~*~tactically~*~*~ (stealth).
 16551 | D:13     | 16551 ||| Stepping ~*~*~tactically~*~*~ (stealth).
 16581 | D:13     | 16581 ||| Stepping ~*~*~tactically~*~*~ (stealth).
 16586 | D:13     | 16586 ||| Stepping ~*~*~tactically~*~*~ (hiding).
 16596 | D:13     | 16596 ||| Stepping ~*~*~tactically~*~*~ (hiding).
 16616 | D:13     | 16616 ||| Stepping ~*~*~tactically~*~*~ (stealth).
 16639 | D:13     | Noticed Sonja
 16640 | D:13     | 16640 ||| INVOKING Finesse.
 16642 | D:13     | Killed Sonja
 16657 | D:13     | 16657 ||| Stepping ~*~*~tactically~*~*~ (stealth).
 16720 | D:13     | Found an iron altar of Okawaru.
 16825 | D:13     | 16825 ||| Stepping ~*~*~tactically~*~*~ (hiding).
 16831 | D:13     | 16831 ||| FLEEEEING.
 16832 | D:13     | 16832 ||| FLEEEEING.
 16843 | D:13     | 16843 ||| Stepping ~*~*~tactically~*~*~ (hiding).
 16886 | D:13     | Found a gate to the Vaults.
 16907 | D:13     | Identified the +1 chain mail "Muczupt" {rElec rN+ Will++
                  | Dex+3} (Okawaru gifted it to you on level 13 of the
                  | Dungeon)
 16907 | D:13     | Received a gift from Okawaru
 16941 | D:13     | Found Dyizoha's Antique Weapon Emporium.
 16941 | D:13     | Found Upny's Book Emporium.
 16950 | D:13     | Found Ter Nunu's Antique Armour Emporium.
 16951 | D:13     | Found Cededgh's Magic Scroll Emporium.
 16966 | D:13     | 16966 ||| BUYING glimmering helmet (323 gold).
 16966 | D:13     | Bought a glimmering helmet for 323 gold pieces
 16966 | D:13     | Identified the +0 helmet of the Ancient Bounties {Regen+
                  | Dex+4} (You bought it in a shop on level 13 of the Dungeon)
 16966 | D:13     | 16966 ||| BUYING pair of runed boots (255 gold).
 16966 | D:13     | Bought a pair of runed boots for 255 gold pieces
 16966 | D:13     | 16966 ||| BUYING pair of smoking gloves (323 gold).
 16966 | D:13     | Bought a pair of smoking gloves for 323 gold pieces
 16966 | D:13     | Identified the +1 pair of gloves of Wekir {rN+ Regen+
                  | Int-3} (You bought it in a shop on level 13 of the Dungeon)
 16970 | D:13     | 16970 ||| BUYING scroll of brand weapon (95 gold).
 16970 | D:13     | Bought a scroll of brand weapon for 95 gold pieces
 16970 | D:13     | 16970 ||| BUYING scroll of enchant weapon (75 gold).
 16970 | D:13     | Bought a scroll of enchant weapon for 75 gold pieces
 17263 | D:13     | 17263 ||| INVOKING Heroism.
 17278 | D:13     | Noticed a storm dragon
 17285 | D:13     | Killed a storm dragon
 17381 | D:13     | 17381 ||| UPGRADING to +0 helmet of the Ancient Bounties
                  | {Regen+ Dex+4}.
 17391 | D:13     | 17391 ||| DROPPING +2 helmet.
 17392 | D:13     | 17392 ||| DROPPING +1 pair of boots.
 17393 | D:13     | 17393 ||| UPGRADING to +1 pair of gloves of Wekir {rN+
                  | Regen+ Int-3}.
 17403 | D:13     | 17403 ||| DROPPING +0 pair of gloves.
 17404 | D:13     | 17404 ||| UPGRADING to amulet of reflection.
 17414 | D:13     | 17414 ||| DROPPING amulet of regeneration.
 17419 | D:14     | 17419 ||| STAIRDANCE
 17425 | D:14     | 17425 ||| STAIRDANCE
 17435 | D:14     | 17435 ||| STAIRDANCE
 17479 | D:14     | Noticed Roxanne
 17480 | D:14     | 17480 ||| INVOKING Heroism.
 17481 | D:14     | 17481 ||| INVOKING Finesse.
 17490 | D:14     | Killed Roxanne
 17527 | D:14     | 17527 ||| Stepping ~*~*~tactically~*~*~ (hiding).
 17538 | D:14     | Noticed Agnes
 17539 | D:14     | 17539 ||| INVOKING Heroism.
 17540 | D:14     | 17540 ||| INVOKING Finesse.
 17544 | D:14     | Killed Agnes
 17594 | D:14     | 17594 ||| INVOKING Heroism.
 17651 | D:14     | Noticed Rupert
 17652 | D:14     | 17652 ||| INVOKING Heroism.
 17653 | D:14     | 17653 ||| INVOKING Finesse.
 17663 | D:14     | Killed Rupert
 17725 | D:14     | 17725 ||| Stepping ~*~*~tactically~*~*~ (hiding).
 17750 | D:14     | Noticed Josephine
 17751 | D:14     | 17751 ||| Stepping ~*~*~tactically~*~*~ (stealth).
 17761 | D:14     | Killed Josephine
 17762 | D:14     | Reached skill level 12 in Armour
 17864 | D:14     | 17864 ||| Stepping ~*~*~tactically~*~*~ (hiding).
 18385 | D:15     | Entered Level 15 of the Dungeon
 18391 | D:15     | 18391 ||| INVOKING Heroism.
 18397 | D:15     | 18397 ||| INVOKING Finesse.
 18415 | D:15     | Reached XP level 16. HP: 101/101 MP: 18/23
 18451 | D:15     | Found a staircase to the Depths.
 18486 | D:15     | 18486 ||| Stepping randomly (stuck).
 18549 | D:15     | 18549 ||| INVOKING Heroism.
 18562 | D:15     | Identified the +2 pair of gloves of the Serpent {rN+ Str+2
                  | Int+2} (Okawaru gifted it to you on level 15 of the
                  | Dungeon)
 18562 | D:15     | Received a gift from Okawaru
 18640 | D:15     | 18640 ||| UPGRADING to +2 pair of gloves of the Serpent
                  | {rN+ Str+2 Int+2}.
 18652 | D:15     | 18652 ||| Stepping ~*~*~tactically~*~*~ (hiding).
 18658 | D:15     | 18658 ||| INVOKING Heroism.
 18660 | D:15     | 18660 ||| Stepping ~*~*~tactically~*~*~ (hiding).
 18672 | D:15     | 18672 ||| Stepping ~*~*~tactically~*~*~ (hiding).
 18695 | D:15     | 18695 ||| Stepping ~*~*~tactically~*~*~ (hiding).
 18696 | D:15     | 18696 ||| INVOKING Finesse.
 18710 | D:15     | 18710 ||| Stepping ~*~*~tactically~*~*~ (stealth).
 18714 | D:15     | 18714 ||| INVOKING Heroism.
 18715 | D:15     | Found a frozen archway.
 18720 | D:15     | 18720 ||| Stepping randomly (cloudy).
 18724 | D:15     | 18724 ||| INVOKING Finesse.
 18728 | D:15     | 18728 ||| Stepping randomly (cloudy).
 18959 | D:15     | 18959 ||| Stepping ~*~*~tactically~*~*~ (hiding).
 19291 | D:14     | 19291 ||| INVOKING Heroism.
 19375 | D:14     | 19375 ||| PLANNING ORC
 19478 | Orc:1    | Entered Level 1 of the Orcish Mines
 19479 | Orc:1    | 19479 ||| INVOKING Heroism.
 19561 | Orc:1    | Noticed Nergalle
 19568 | Orc:1    | Killed Nergalle
 19657 | Orc:2    | Entered Level 2 of the Orcish Mines
 19658 | Orc:2    | 19658 ||| INVOKING Heroism.
 19701 | Orc:2    | 19701 ||| INVOKING Heroism.
 19734 | Orc:2    | Found a staircase to the Elven Halls.
 19749 | Orc:2    | Noticed Snorg
 19750 | Orc:2    | 19750 ||| INVOKING Finesse.
 19762 | Orc:2    | Killed Snorg
 19776 | Orc:2    | 19776 ||| INVOKING Heroism.
 19800 | Orc:2    | 19800 ||| Stepping ~*~*~tactically~*~*~ (stealth).
 19801 | Orc:2    | 19801 ||| Stepping ~*~*~tactically~*~*~ (stealth).
 19806 | Orc:2    | 19806 ||| Stepping ~*~*~tactically~*~*~ (hiding).
 19807 | Orc:2    | 19807 ||| Stepping ~*~*~tactically~*~*~ (hiding).
 19808 | Orc:2    | 19808 ||| Stepping ~*~*~tactically~*~*~ (hiding).
 19809 | Orc:2    | 19809 ||| Stepping ~*~*~tactically~*~*~ (hiding).
 19810 | Orc:2    | 19810 ||| Stepping ~*~*~tactically~*~*~ (hiding).
 19816 | Orc:2    | Received a gift from Okawaru
 19828 | Orc:2    | 19828 ||| INVOKING Heroism.
 19950 | Orc:2    | 19950 ||| INVOKING Heroism.
 19956 | Orc:2    | Reached skill level 6 in Throwing
 19975 | Orc:2    | 19975 ||| Stepping ~*~*~tactically~*~*~ (stealth).
 19976 | Orc:2    | 19976 ||| Stepping ~*~*~tactically~*~*~ (stealth).
 19977 | Orc:2    | 19977 ||| Stepping ~*~*~tactically~*~*~ (stealth).
 20034 | Orc:2    | Found Gayv's Distillery.
 20034 | Orc:2    | Found Falat's Armour Shop.
 20035 | Orc:2    | Found Feipyo's Assorted Antiques.
 20035 | Orc:2    | Found Yhadoclye's Distillery.
 20042 | Orc:2    | 20042 ||| BUYING 2 potions of haste (240 gold).
 20042 | Orc:2    | Bought 2 potions of haste for 240 gold pieces
 20042 | Orc:2    | 20042 ||| BUYING potion of haste (120 gold).
 20042 | Orc:2    | Bought a potion of haste for 120 gold pieces
 20042 | Orc:2    | 20042 ||| BUYING potion of might (48 gold).
 20042 | Orc:2    | Bought a potion of might for 48 gold pieces
 20042 | Orc:2    | 20042 ||| BUYING potion of might (48 gold).
 20042 | Orc:2    | Bought a potion of might for 48 gold pieces
 20042 | Orc:2    | 20042 ||| BUYING potion of mutation (96 gold).
 20042 | Orc:2    | Bought a potion of mutation for 96 gold pieces
 20043 | Orc:2    | 20043 ||| SHOPLISTING ice dragon scales (1200 gold, have
                  | 487).
 20043 | Orc:2    | 20043 ||| BUYING potion of cancellation (160 gold).
 20043 | Orc:2    | Bought a potion of cancellation for 160 gold pieces
 20043 | Orc:2    | 20043 ||| BUYING potion of curing (60 gold).
 20043 | Orc:2    | Bought a potion of curing for 60 gold pieces
 20043 | Orc:2    | 20043 ||| BUYING potion of mutation (160 gold).
 20043 | Orc:2    | Bought a potion of mutation for 160 gold pieces
 20043 | Orc:2    | 20043 ||| SHOPLISTING scroll of acquirement (1040 gold,
                  | have 107).
 20043 | Orc:2    | 20043 ||| BUYING scroll of teleportation (60 gold).
 20043 | Orc:2    | Bought a scroll of teleportation for 60 gold pieces
 20044 | Orc:2    | 20044 ||| BUYING potion of attraction (42 gold).
 20044 | Orc:2    | Bought a potion of attraction for 42 gold pieces
 20044 | Orc:2    | 20044 ||| SHOPLISTING potion of attraction (42 gold, have
                  | 5).
 20044 | Orc:2    | 20044 ||| SHOPLISTING potion of haste (140 gold, have 5).
 20044 | Orc:2    | 20044 ||| SHOPLISTING potion of lignification (42 gold,
                  | have 5).
 20044 | Orc:2    | 20044 ||| SHOPLISTING potion of magic (112 gold, have 5).
 20044 | Orc:2    | 20044 ||| SHOPLISTING potion of resistance (140 gold, have
                  | 5).
 20174 | Orc:2    | 20174 ||| Stepping ~*~*~tactically~*~*~ (hiding).
 20183 | Orc:2    | 20183 ||| INVOKING Heroism.
 20381 | Orc:1    | 20381 ||| INVOKING Heroism.
 20676 | Orc:2    | 20676 ||| PLANNING SNAKE:1-3
 20835 | Snake:1  | Entered Level 1 of the Snake Pit
 20843 | Snake:1  | 20843 ||| Stepping ~*~*~tactically~*~*~ (hiding).
 21146 | Snake:1  | 21146 ||| INVOKING Heroism.
 21154 | Snake:1  | Received a gift from Okawaru
 21159 | Snake:1  | 21159 ||| Stepping ~*~*~tactically~*~*~ (hiding).
 21165 | Snake:1  | 21165 ||| Stepping ~*~*~tactically~*~*~ (hiding).
 21305 | Snake:1  | Reached skill level 18 in Axes
 21439 | Snake:1  | 21439 ||| Stepping ~*~*~tactically~*~*~ (hiding).
 21441 | Snake:1  | 21441 ||| Stepping ~*~*~tactically~*~*~ (hiding).
 21442 | Snake:1  | 21442 ||| Stepping ~*~*~tactically~*~*~ (hiding).
 21459 | Snake:1  | Reached XP level 17. HP: 108/108 MP: 24/24
 21469 | Snake:1  | 21469 ||| INVOKING Heroism.
 21514 | Snake:1  | Received a gift from Okawaru
 22297 | Snake:2  | 22297 ||| Stepping ~*~*~tactically~*~*~ (hiding).
 22373 | Snake:2  | 22373 ||| Stepping ~*~*~tactically~*~*~ (hiding).
 22382 | Snake:2  | 22382 ||| INVOKING Heroism.
 22392 | Snake:2  | Received a gift from Okawaru
 22602 | Snake:2  | 22602 ||| INVOKING Heroism.
 22650 | Snake:2  | 22650 ||| Stepping ~*~*~tactically~*~*~ (stealth).
 22653 | Snake:2  | 22653 ||| Stepping ~*~*~tactically~*~*~ (stealth).
 22656 | Snake:2  | 22656 ||| Stepping ~*~*~tactically~*~*~ (stealth).
 22807 | Snake:2  | 22807 ||| Stepping ~*~*~tactically~*~*~ (hiding).
 22808 | Snake:2  | 22808 ||| INVOKING Heroism.
 23166 | Snake:2  | 23166 ||| UPGRADING to +2 tower shield of cold resistance.
 23176 | Snake:2  | 23176 ||| DROPPING +2 kite shield of poison resistance.
 23268 | Snake:3  | 23268 ||| Stepping ~*~*~tactically~*~*~ (stealth).
 23270 | Snake:3  | 23270 ||| Stepping ~*~*~tactically~*~*~ (hiding).
 23335 | Snake:3  | 23335 ||| INVOKING Heroism.
 23357 | Snake:3  | 23357 ||| Stepping ~*~*~tactically~*~*~ (hiding).
 23368 | Snake:3  | Received a gift from Okawaru
 23375 | Snake:3  | 23375 ||| Stepping ~*~*~tactically~*~*~ (hiding).
 23558 | Snake:3  | 23558 ||| Stepping ~*~*~tactically~*~*~ (hiding).
 23560 | Snake:3  | 23560 ||| Stepping ~*~*~tactically~*~*~ (hiding).
 23562 | Snake:3  | 23562 ||| INVOKING Heroism.
 23765 | Snake:3  | 23765 ||| Stepping ~*~*~tactically~*~*~ (hiding).
 23773 | Snake:3  | 23773 ||| INVOKING Heroism.
 23797 | Snake:3  | 23797 ||| Stepping ~*~*~tactically~*~*~ (hiding).
 23807 | Snake:3  | 23807 ||| INVOKING Heroism.
 23870 | Snake:3  | 23870 ||| INVOKING Heroism.
 23873 | Snake:3  | Reached skill level 15 in Shields
 23929 | Snake:3  | 23929 ||| INVOKING Heroism.
 24437 | Snake:3  | 24437 ||| PLANNING SHOALS:1-3
 24437 | Snake:3  | 24437 ||| DROPPING +0 hat of see invisible.
 24571 | Shoals:1 | Entered Level 1 of the Shoals
 24591 | Shoals:1 | 24591 ||| Stepping ~*~*~tactically~*~*~ (hiding).
 24687 | Shoals:1 | Identified the +1 scale mail of Laalest {Harm Int-5 Dex+7
                  | Stlth+}
 24731 | Shoals:1 | 24731 ||| Stepping ~*~*~tactically~*~*~ (stealth).
 24744 | Shoals:1 | 24744 ||| INVOKING Heroism.
 24889 | Shoals:1 | Noticed a kraken
 24891 | Shoals:1 | 24891 ||| INVOKING Heroism.
 24896 | Shoals:1 | Killed a kraken
 24989 | Shoals:1 | 24989 ||| Stepping ~*~*~tactically~*~*~ (hiding).
 24991 | Shoals:1 | 24991 ||| Stepping ~*~*~tactically~*~*~ (hiding).
 24992 | Shoals:1 | 24992 ||| Stepping ~*~*~tactically~*~*~ (hiding).
 24993 | Shoals:1 | 24993 ||| Stepping ~*~*~tactically~*~*~ (hiding).
 24996 | Shoals:1 | 24996 ||| INVOKING Heroism.
 25120 | Shoals:1 | 25120 ||| Stepping ~*~*~tactically~*~*~ (hiding).
 25203 | Shoals:1 | Noticed Aizul
 25204 | Shoals:1 | 25204 ||| INVOKING Heroism.
 25205 | Shoals:1 | 25205 ||| INVOKING Finesse.
 25214 | Shoals:1 | Killed Aizul
 25215 | Shoals:1 | Reached XP level 18. HP: 116/116 MP: 18/25
 25276 | Shoals:1 | 25276 ||| Stepping ~*~*~tactically~*~*~ (hiding).
 25278 | Shoals:1 | 25278 ||| Stepping ~*~*~tactically~*~*~ (hiding).
 25279 | Shoals:1 | 25279 ||| Stepping ~*~*~tactically~*~*~ (stealth).
 25493 | Shoals:2 | 25493 ||| INVOKING Heroism.
 25494 | Shoals:2 | 25494 ||| INVOKING Finesse.
 25642 | Shoals:2 | 25642 ||| Stepping ~*~*~tactically~*~*~ (stealth).
 25708 | Shoals:2 | Received a gift from Okawaru
 25720 | Shoals:2 | 25720 ||| INVOKING Heroism.
 26078 | Shoals:2 | 26078 ||| Stepping ~*~*~tactically~*~*~ (hiding).
 26083 | Shoals:2 | 26083 ||| INVOKING Heroism.
 26084 | Shoals:2 | 26084 ||| INVOKING Finesse.
 26241 | Shoals:2 | 26241 ||| INVOKING Heroism.
 26246 | Shoals:2 | Reached skill level 18 in Shields
 26350 | Shoals:3 | 26350 ||| Stepping ~*~*~tactically~*~*~ (hiding).
 26440 | Shoals:3 | 26440 ||| INVOKING Heroism.
 26442 | Shoals:3 | Received a gift from Okawaru
 26526 | Shoals:3 | 26526 ||| INVOKING Heroism.
 26539 | Shoals:3 | 26539 ||| Stepping ~*~*~tactically~*~*~ (hiding).
 26540 | Shoals:3 | 26540 ||| Stepping ~*~*~tactically~*~*~ (hiding).
 26541 | Shoals:3 | 26541 ||| Stepping ~*~*~tactically~*~*~ (hiding).
 26542 | Shoals:3 | 26542 ||| Stepping ~*~*~tactically~*~*~ (hiding).
 26546 | Shoals:3 | 26546 ||| Stepping ~*~*~tactically~*~*~ (hiding).
 26549 | Shoals:3 | 26549 ||| Stepping ~*~*~tactically~*~*~ (hiding).
 26551 | Shoals:3 | 26551 ||| Stepping ~*~*~tactically~*~*~ (hiding).
 26563 | Shoals:3 | Received a gift from Okawaru
 26600 | Shoals:3 | 26600 ||| INVOKING Heroism.
 26651 | Shoals:3 | 26651 ||| INVOKING Heroism.
 26682 | Shoals:3 | 26682 ||| Stepping ~*~*~tactically~*~*~ (hiding).
 26683 | Shoals:3 | 26683 ||| Stepping ~*~*~tactically~*~*~ (hiding).
 26835 | Shoals:3 | 26835 ||| Stepping ~*~*~tactically~*~*~ (hiding).
 26836 | Shoals:3 | 26836 ||| Stepping ~*~*~tactically~*~*~ (hiding).
 26866 | Shoals:3 | Identified the +2 robe of Forking Paths {Will++ Int-5}
                  | (Okawaru gifted it to you on level 3 of the Shoals)
 26866 | Shoals:3 | Received a gift from Okawaru
 27238 | Shoals:3 | 27238 ||| PLANNING SNAKE:4
 27395 | Snake:4  | Entered Level 4 of the Snake Pit
 27397 | Snake:4  | 27397 ||| Stepping ~*~*~tactically~*~*~ (hiding).
 27452 | Snake:4  | 27452 ||| INVOKING Heroism.
 27471 | Snake:4  | Reached skill level 15 in Fighting
 27519 | Snake:4  | 27519 ||| INVOKING Heroism.
 27601 | Snake:4  | 27601 ||| INVOKING Heroism.
 27630 | Snake:4  | 27630 ||| INVOKING Heroism.
 27650 | Snake:4  | 27650 ||| Stepping ~*~*~tactically~*~*~ (stealth).
 27681 | Snake:4  | 27681 ||| INVOKING Heroism.
 27778 | Snake:4  | Reached XP level 19. HP: 124/124 MP: 26/26
 27836 | Snake:4  | 27836 ||| INVOKING Heroism.
 28034 | Snake:4  | 28034 ||| INVOKING Heroism.
 28060 | Snake:4  | 28060 ||| Stepping ~*~*~tactically~*~*~ (hiding).
 28101 | Snake:4  | 28101 ||| Stepping ~*~*~tactically~*~*~ (hiding).
 28108 | Snake:4  | 28108 ||| INVOKING Heroism.
 28117 | Snake:4  | Reached skill level 6 in Dodging
 28202 | Snake:4  | Got a serpentine rune of Zot
 28237 | Snake:4  | 28237 ||| INVOKING Heroism.
 28245 | Snake:4  | Received a gift from Okawaru
 28409 | Snake:4  | 28409 ||| PLANNING VAULTS:1-4
 28634 | Vaults:1 | Entered Level 1 of the Vaults
 28661 | Vaults:1 | 28661 ||| INVOKING Heroism.
 28663 | Vaults:1 | 28663 ||| Stepping ~*~*~tactically~*~*~ (hiding).
 28770 | Vaults:1 | 28770 ||| INVOKING Heroism.
 28771 | Vaults:1 | 28771 ||| INVOKING Finesse.
 28781 | Vaults:1 | Reached skill level 9 in Throwing
 28790 | Vaults:1 | 28790 ||| Stepping ~*~*~tactically~*~*~ (hiding).
 28809 | Vaults:1 | 28809 ||| Stepping ~*~*~tactically~*~*~ (hiding).
 28901 | Vaults:1 | Received a gift from Okawaru
 29334 | Vaults:1 | 29334 ||| Stepping ~*~*~tactically~*~*~ (hiding).
 29338 | Vaults:1 | 29338 ||| INVOKING Heroism.
 29451 | Vaults:1 | 29451 ||| INVOKING Heroism.
 30025 | Vaults:2 | 30025 ||| Stepping ~*~*~tactically~*~*~ (hiding).
 30026 | Vaults:2 | 30026 ||| Stepping ~*~*~tactically~*~*~ (hiding).
 30153 | Vaults:2 | 30153 ||| Stepping ~*~*~tactically~*~*~ (hiding).
 30155 | Vaults:2 | 30155 ||| Stepping ~*~*~tactically~*~*~ (hiding).
 30277 | Vaults:2 | 30277 ||| Stepping ~*~*~tactically~*~*~ (hiding).
 30279 | Vaults:2 | 30279 ||| Stepping ~*~*~tactically~*~*~ (hiding).
 30283 | Vaults:2 | 30283 ||| Stepping ~*~*~tactically~*~*~ (stealth).
 30304 | Vaults:2 | 30304 ||| Stepping ~*~*~tactically~*~*~ (hiding).
 30330 | Vaults:2 | 30330 ||| Stepping ~*~*~tactically~*~*~ (hiding).
 30338 | Vaults:2 | 30338 ||| FLEEEEING.
 30360 | Vaults:2 | 30360 ||| Stepping ~*~*~tactically~*~*~ (stealth).
 30370 | Vaults:2 | Found a staircase to the Crypt.
 30398 | Vaults:2 | Noticed Mennas
 30399 | Vaults:2 | 30399 ||| INVOKING Heroism.
 30400 | Vaults:2 | 30400 ||| INVOKING Finesse.
 30409 | Vaults:2 | 30409 ||| DRINKING 24 potions of curing.
 30409 | Vaults:2 | 30409 ||| (to cure confusion)
 30424 | Vaults:2 | Killed Mennas
 30425 | Vaults:2 | Reached skill level 15 in Armour
 30481 | Vaults:2 | 30481 ||| Stepping ~*~*~tactically~*~*~ (stealth).
 30532 | Vaults:2 | 30532 ||| INVOKING Heroism.
 30537 | Vaults:2 | Identified the +5 tower shield of Kutej {+Blink Str+4
                  | Int+4} (Okawaru gifted it to you on level 2 of the Vaults)
 30537 | Vaults:2 | Received a gift from Okawaru
 30600 | Vaults:2 | 30600 ||| FLEEEEING.
 30601 | Vaults:2 | 30601 ||| INVOKING Heroism.
 30650 | Vaults:2 | 30650 ||| Stepping ~*~*~tactically~*~*~ (hiding).
 30653 | Vaults:2 | 30653 ||| INVOKING Heroism.
 30682 | Vaults:2 | 30682 ||| Stepping ~*~*~tactically~*~*~ (hiding).
 30683 | Vaults:2 | 30683 ||| Stepping ~*~*~tactically~*~*~ (hiding).
 30695 | Vaults:2 | 30695 ||| Stepping ~*~*~tactically~*~*~ (hiding).
 30696 | Vaults:2 | 30696 ||| Stepping ~*~*~tactically~*~*~ (hiding).
 30697 | Vaults:2 | 30697 ||| Stepping ~*~*~tactically~*~*~ (hiding).
 30717 | Vaults:2 | 30717 ||| INVOKING Heroism.
 30720 | Vaults:2 | Reached XP level 20. HP: 134/134 MP: 24/27
 30799 | Vaults:2 | 30799 ||| Stepping ~*~*~tactically~*~*~ (hiding).
 30807 | Vaults:2 | 30807 ||| Stepping ~*~*~tactically~*~*~ (hiding).
 31171 | Vaults:2 | 31171 ||| UPGRADING to +5 tower shield of Kutej {+Blink
                  | Str+4 Int+4}.
 31181 | Vaults:2 | 31181 ||| UPGRADING to +1 pair of gloves of Wekir {rN+
                  | Regen+ Int-3}.
 31191 | Vaults:2 | 31191 ||| DROPPING +2 pair of gloves of the Serpent {rN+
                  | Str+2 Int+2}.
 31254 | Vaults:3 | 31254 ||| INVOKING Heroism.
 31256 | Vaults:3 | 31256 ||| Stepping ~*~*~tactically~*~*~ (hiding).
 31264 | Vaults:3 | 31264 ||| Stepping ~*~*~tactically~*~*~ (hiding).
 31379 | Vaults:3 | 31379 ||| Stepping ~*~*~tactically~*~*~ (hiding).
 31381 | Vaults:3 | 31381 ||| Stepping ~*~*~tactically~*~*~ (hiding).
 31384 | Vaults:3 | 31384 ||| Stepping ~*~*~tactically~*~*~ (hiding).
 31394 | Vaults:3 | 31394 ||| Stepping ~*~*~tactically~*~*~ (stealth).
 31396 | Vaults:3 | 31396 ||| Stepping ~*~*~tactically~*~*~ (hiding).
 31398 | Vaults:3 | 31398 ||| Stepping ~*~*~tactically~*~*~ (hiding).
 31444 | Vaults:3 | 31444 ||| Stepping ~*~*~tactically~*~*~ (hiding).
 31468 | Vaults:3 | 31468 ||| INVOKING Heroism.
 31543 | Vaults:3 | 31543 ||| INVOKING Heroism.
 31549 | Vaults:3 | Received a gift from Okawaru
 31554 | Vaults:3 | 31554 ||| Stepping ~*~*~tactically~*~*~ (hiding).
 31566 | Vaults:3 | Received a gift from Okawaru
 31716 | Vaults:3 | Found Kamastot's Book Boutique.
 31849 | Vaults:3 | 31849 ||| Stepping ~*~*~tactically~*~*~ (hiding).
 32000 | Vaults:3 | 32000 ||| Stepping ~*~*~tactically~*~*~ (stealth).
 32048 | Vaults:3 | 32048 ||| Stepping ~*~*~tactically~*~*~ (hiding).
 32064 | Vaults:3 | 32064 ||| Stepping ~*~*~tactically~*~*~ (hiding).
 32282 | Vaults:3 | 32282 ||| Stepping ~*~*~tactically~*~*~ (stealth).
 32520 | Vaults:4 | Received a gift from Okawaru
 32758 | Vaults:4 | 32758 ||| Stepping ~*~*~tactically~*~*~ (hiding).
 32765 | Vaults:4 | 32765 ||| INVOKING Heroism.
 32791 | Vaults:4 | 32791 ||| Stepping ~*~*~tactically~*~*~ (hiding).
 32921 | Vaults:4 | 32921 ||| Stepping ~*~*~tactically~*~*~ (stealth).
 32922 | Vaults:4 | 32922 ||| Stepping ~*~*~tactically~*~*~ (stealth).
 33087 | Vaults:4 | Paralysed by a sphinx for 2 turns
 33231 | Vaults:4 | 33231 ||| Stepping ~*~*~tactically~*~*~ (stealth).
 33237 | Vaults:4 | 33237 ||| INVOKING Heroism.
 33239 | Vaults:4 | Reached skill level 18 in Fighting
 33331 | Vaults:4 | 33331 ||| Stepping randomly (stuck).
 33335 | Vaults:4 | 33335 ||| Stepping ~*~*~tactically~*~*~ (stealth).
 33336 | Vaults:4 | 33336 ||| Stepping ~*~*~tactically~*~*~ (stealth).
 33337 | Vaults:4 | 33337 ||| Stepping ~*~*~tactically~*~*~ (stealth).
 33412 | Vaults:4 | 33412 ||| Stepping randomly (stuck).
 33413 | Vaults:4 | 33413 ||| Stepping randomly (stuck).
 33414 | Vaults:4 | 33414 ||| Stepping randomly (stuck).
 33422 | Vaults:4 | Received a gift from Okawaru
 33612 | Vaults:4 | 33612 ||| Stepping ~*~*~tactically~*~*~ (hiding).
 33982 | Vaults:4 | 33982 ||| PLANNING SHOALS:4
 34291 | Shoals:4 | Entered Level 4 of the Shoals
 34307 | Shoals:4 | Noticed Polyphemus
 34311 | Shoals:4 | 34311 ||| INVOKING Heroism.
 34317 | Shoals:4 | Killed Polyphemus
 34317 | Shoals:4 | Received a gift from Okawaru
 34345 | Shoals:4 | 34345 ||| Stepping ~*~*~tactically~*~*~ (stealth).
 34347 | Shoals:4 | 34347 ||| Stepping ~*~*~tactically~*~*~ (stealth).
 34349 | Shoals:4 | 34349 ||| Stepping ~*~*~tactically~*~*~ (stealth).
 34351 | Shoals:4 | 34351 ||| Stepping ~*~*~tactically~*~*~ (hiding).
 34353 | Shoals:4 | 34353 ||| INVOKING Heroism.
 34362 | Shoals:4 | Received a gift from Okawaru
 34363 | Shoals:4 | Reached XP level 21. HP: 141/141 MP: 26/28
 34435 | Shoals:4 | 34435 ||| INVOKING Heroism.
 34463 | Shoals:4 | 34463 ||| Stepping ~*~*~tactically~*~*~ (hiding).
 34470 | Shoals:4 | Received a gift from Okawaru
 34511 | Shoals:4 | Got a barnacled rune of Zot
 34571 | Shoals:4 | Identified the +4 short sword "Farpheaw" {chaos, Will+}
 34584 | Shoals:4 | 34584 ||| Stepping ~*~*~tactically~*~*~ (hiding).
 34586 | Shoals:4 | 34586 ||| Stepping ~*~*~tactically~*~*~ (hiding).
 34589 | Shoals:4 | 34589 ||| INVOKING Heroism.
 34638 | Shoals:4 | 34638 ||| Stepping ~*~*~tactically~*~*~ (hiding).
 34647 | Shoals:4 | 34647 ||| INVOKING Heroism.
 34648 | Shoals:4 | 34648 ||| INVOKING Finesse.
 34772 | Shoals:4 | 34772 ||| Stepping ~*~*~tactically~*~*~ (hiding).
 34774 | Shoals:4 | 34774 ||| Stepping ~*~*~tactically~*~*~ (hiding).
 34785 | Shoals:4 | 34785 ||| INVOKING Heroism.
 34786 | Shoals:4 | 34786 ||| INVOKING Finesse.
 34848 | Shoals:4 | 34848 ||| Stepping ~*~*~tactically~*~*~ (hiding).
 34849 | Shoals:4 | 34849 ||| Stepping ~*~*~tactically~*~*~ (hiding).
 34850 | Shoals:4 | 34850 ||| Stepping ~*~*~tactically~*~*~ (hiding).
 34854 | Shoals:4 | 34854 ||| Stepping ~*~*~tactically~*~*~ (hiding).
 34983 | Shoals:4 | 34983 ||| INVOKING Heroism.
 35008 | Shoals:4 | 35008 ||| INVOKING Heroism.
 35173 | Shoals:4 | 35173 ||| Stepping ~*~*~tactically~*~*~ (hiding).
 35175 | Shoals:4 | 35175 ||| Stepping ~*~*~tactically~*~*~ (hiding).
 35227 | Shoals:4 | Identified the +1 robe of Okawaru's Displeasure {Harm
                  | Str+2} (Okawaru gifted it to you on level 4 of the Shoals)
 35227 | Shoals:4 | Received a gift from Okawaru
 35243 | Shoals:4 | 35243 ||| Stepping ~*~*~tactically~*~*~ (hiding).
 35249 | Shoals:4 | 35249 ||| Stepping ~*~*~tactically~*~*~ (hiding).
 35252 | Shoals:4 | 35252 ||| INVOKING Heroism.
 35253 | Shoals:4 | 35253 ||| INVOKING Finesse.
 35329 | Shoals:4 | 35329 ||| INVOKING Heroism.
 35341 | Shoals:4 | 35341 ||| Stepping ~*~*~tactically~*~*~ (hiding).
 35572 | Shoals:4 | 35572 ||| PLANNING DEPTHS
 35859 | Depths:1 | Entered Level 1 of the Depths
 35860 | Depths:1 | 35860 ||| INVOKING Heroism.
 35897 | Depths:1 | 35897 ||| Stepping ~*~*~tactically~*~*~ (hiding).
 35899 | Depths:1 | 35899 ||| Stepping ~*~*~tactically~*~*~ (hiding).
 35941 | Depths:1 | Found a shimmering altar of Xom.
 35998 | Depths:1 | 35998 ||| Stepping ~*~*~tactically~*~*~ (stealth).
 36007 | Depths:1 | 36007 ||| Stepping ~*~*~tactically~*~*~ (stealth).
 36008 | Depths:1 | 36008 ||| Stepping ~*~*~tactically~*~*~ (hiding).
 36009 | Depths:1 | 36009 ||| INVOKING Heroism.
 36010 | Depths:1 | Found a gateway to Hell.
 36015 | Depths:1 | 36015 ||| Stepping ~*~*~tactically~*~*~ (stealth).
 36016 | Depths:1 | 36016 ||| Stepping ~*~*~tactically~*~*~ (hiding).
 36017 | Depths:1 | 36017 ||| Stepping ~*~*~tactically~*~*~ (hiding).
 36019 | Depths:1 | 36019 ||| INVOKING Finesse.
 36024 | Depths:1 | 36024 ||| Stepping ~*~*~tactically~*~*~ (hiding).
 36025 | Depths:1 | 36025 ||| Stepping ~*~*~tactically~*~*~ (hiding).
 36026 | Depths:1 | 36026 ||| Stepping ~*~*~tactically~*~*~ (hiding).
 36043 | Depths:1 | 36043 ||| Stepping ~*~*~tactically~*~*~ (stealth).
 36063 | Depths:1 | 36063 ||| Stepping ~*~*~tactically~*~*~ (hiding).
 36110 | Depths:1 | 36110 ||| INVOKING Heroism.
 36128 | Depths:1 | 36128 ||| INVOKING Finesse.
 36223 | Depths:1 | 36223 ||| INVOKING Heroism.
 36232 | Depths:1 | 36232 ||| Stepping ~*~*~tactically~*~*~ (hiding).
 36235 | Depths:1 | 36235 ||| Stepping ~*~*~tactically~*~*~ (hiding).
 36258 | Depths:1 | Identified the +4 plate armour "Nuzumuso" {rC+++ Slay+5}
 36303 | Depths:1 | 36303 ||| INVOKING Heroism.
 36305 | Depths:1 | Found Peoleor's Book Shoppe.
 36313 | Depths:1 | Found Riothret's Jewellery Boutique.
 36316 | Depths:1 | Found Boeraduts's Book Shoppe.
 36319 | Depths:1 | 36319 ||| READING scroll of acquirement.
 36319 | Depths:1 | 36319 ||| ACQUIRING 668 gold pieces
 36319 | Depths:1 | Acquired 668 gold pieces
 36461 | Depths:1 | 36461 ||| UPGRADING to +4 plate armour "Nuzumuso" {rC+++
                  | Slay+5}.
 36471 | Depths:1 | 36471 ||| UPGRADING to +1 cloak.
 36481 | Depths:1 | 36481 ||| DROPPING +0 gold dragon scales.
 36482 | Depths:1 | 36482 ||| READING scroll of enchant armour.
 36482 | Depths:1 | 36482 ||| ENCHANTING +1 cloak.
 36498 | Depths:2 | Found a one-way gate leading to the halls of Pandemonium.
 36577 | Depths:2 | Reached skill level 18 in Armour
 36634 | Depths:2 | 36634 ||| Stepping ~*~*~tactically~*~*~ (hiding).
 36638 | Depths:2 | 36638 ||| Stepping ~*~*~tactically~*~*~ (hiding).
 36644 | Depths:2 | 36644 ||| INVOKING Heroism.
 36719 | Depths:2 | Found a hide-covered altar of Uskayaw.
 36738 | Depths:2 | 36738 ||| Stepping ~*~*~tactically~*~*~ (stealth).
 36740 | Depths:2 | 36740 ||| Stepping ~*~*~tactically~*~*~ (stealth).
 36742 | Depths:2 | 36742 ||| INVOKING Heroism.
 36745 | Depths:2 | 36745 ||| Stepping ~*~*~tactically~*~*~ (stealth).
 36746 | Depths:2 | 36746 ||| Stepping ~*~*~tactically~*~*~ (stealth).
 36782 | Depths:2 | 36782 ||| INVOKING Heroism.
 36783 | Depths:2 | 36783 ||| INVOKING Finesse.
 36787 | Depths:2 | Received a gift from Okawaru
 36816 | Depths:2 | 36816 ||| INVOKING Finesse.
 36896 | Depths:2 | 36896 ||| Stepping ~*~*~tactically~*~*~ (hiding).
 36934 | Depths:2 | 36934 ||| Stepping ~*~*~tactically~*~*~ (stealth).
 36941 | Depths:2 | 36941 ||| INVOKING Heroism.
 36942 | Depths:2 | 36942 ||| INVOKING Finesse.
 36943 | Depths:2 | 36943 ||| Stepping ~*~*~tactically~*~*~ (stealth).
 36959 | Depths:2 | Reached XP level 22. HP: 130/149 MP: 23/29
 36996 | Depths:2 | 36996 ||| INVOKING Heroism.
 36997 | Depths:2 | 36997 ||| INVOKING Finesse.
 37036 | Depths:2 | 37036 ||| Stepping ~*~*~tactically~*~*~ (stealth).
 37038 | Depths:2 | 37038 ||| Stepping ~*~*~tactically~*~*~ (stealth).
 37040 | Depths:2 | 37040 ||| Stepping ~*~*~tactically~*~*~ (stealth).
 37041 | Depths:2 | 37041 ||| Stepping ~*~*~tactically~*~*~ (stealth).
 37042 | Depths:2 | 37042 ||| Stepping ~*~*~tactically~*~*~ (stealth).
 37043 | Depths:2 | 37043 ||| Stepping ~*~*~tactically~*~*~ (stealth).
 37044 | Depths:2 | 37044 ||| Stepping ~*~*~tactically~*~*~ (stealth).
 37046 | Depths:2 | 37046 ||| Stepping ~*~*~tactically~*~*~ (stealth).
 37047 | Depths:2 | 37047 ||| Stepping ~*~*~tactically~*~*~ (stealth).
 37089 | Depths:2 | 37089 ||| INVOKING Heroism.
 37099 | Depths:2 | Identified the +3 chain mail of Sadghull {Int+4} (Okawaru
                  | gifted it to you on level 2 of the Depths)
 37099 | Depths:2 | Received a gift from Okawaru
 37110 | Depths:2 | 37110 ||| Stepping ~*~*~tactically~*~*~ (stealth).
 37122 | Depths:2 | Noticed a golden dragon
 37123 | Depths:2 | 37123 ||| INVOKING Finesse.
 37128 | Depths:2 | Killed a golden dragon
 37155 | Depths:2 | 37155 ||| Stepping ~*~*~tactically~*~*~ (stealth).
 37173 | Depths:2 | 37173 ||| INVOKING Heroism.
 37174 | Depths:2 | 37174 ||| INVOKING Finesse.
 37197 | Depths:2 | 37197 ||| Stepping ~*~*~tactically~*~*~ (stealth).
 37258 | Depths:2 | 37258 ||| Stepping ~*~*~tactically~*~*~ (stealth).
 37259 | Depths:2 | 37259 ||| INVOKING Heroism.
 37260 | Depths:2 | 37260 ||| INVOKING Finesse.
 37305 | Depths:2 | 37305 ||| Stepping ~*~*~tactically~*~*~ (stealth).
 37306 | Depths:2 | 37306 ||| Stepping ~*~*~tactically~*~*~ (stealth).
 37308 | Depths:2 | 37308 ||| Stepping ~*~*~tactically~*~*~ (stealth).
 37311 | Depths:2 | 37311 ||| INVOKING Heroism.
 37327 | Depths:2 | Identified the +2 dagger of Desperation {flame, Fly Will-
                  | Str+4}
 37329 | Depths:2 | Identified the ring "Ezxug" {rC+ Will+ rCorr Int+2}
 37337 | Depths:2 | Identified the ring "Cicemak" {Fly rElec rN+ Str-4 Int+6}
 37509 | Depths:2 | 37509 ||| DROPPING ring of Ceej {Wiz rCorr Stlth+}.
 37510 | Depths:2 | 37510 ||| DROPPING ring of ice.
 37511 | Depths:2 | 37511 ||| DROPPING ring "Cicemak" {Fly rElec rN+ Str-4
                  | Int+6}.
 37537 | Depths:3 | 37537 ||| INVOKING Heroism.
 37549 | Depths:3 | 37549 ||| INVOKING Finesse.
 37559 | Depths:3 | 37559 ||| Stepping ~*~*~tactically~*~*~ (hiding).
 37583 | Depths:3 | 37583 ||| INVOKING Heroism.
 37601 | Depths:3 | 37601 ||| Stepping ~*~*~tactically~*~*~ (hiding).
 37602 | Depths:3 | 37602 ||| Stepping ~*~*~tactically~*~*~ (hiding).
 37603 | Depths:3 | 37603 ||| Stepping ~*~*~tactically~*~*~ (hiding).
 37721 | Depths:3 | Found a one-way gate to the infinite horrors of the Abyss.
 37737 | Depths:3 | You are sucked into a shaft and drop 1 floor!
 37737 | Depths:4 | Entered Level 4 of the Depths
 37738 | Depths:4 | 37738 ||| INVOKING Heroism.
 37779 | Depths:4 | 37779 ||| INVOKING Finesse.
 37792 | Depths:4 | Noticed the Enchantress
 37796 | Depths:4 | Noticed a caustic shrike
 37800 | Depths:4 | Noticed a caustic shrike
 37801 | Depths:4 | Noticed a caustic shrike
 37804 | Depths:4 | 37804 ||| INVOKING Heroism.
 37810 | Depths:4 | Killed the Enchantress
 37813 | Depths:4 | Killed a caustic shrike
 37813 | Depths:4 | Received a gift from Okawaru
 37814 | Depths:4 | Reached skill level 9 in Dodging
 37814 | Depths:4 | Killed a caustic shrike
 37818 | Depths:4 | Received a gift from Okawaru
 37820 | Depths:4 | Killed a caustic shrike
 37828 | Depths:4 | Received a gift from Okawaru
 37847 | Depths:4 | 37847 ||| INVOKING Finesse.
 38049 | Depths:3 | 38049 ||| Stepping ~*~*~tactically~*~*~ (stealth).
 38052 | Depths:3 | 38052 ||| INVOKING Heroism.
 38106 | Depths:3 | 38106 ||| Stepping ~*~*~tactically~*~*~ (stealth).
 38108 | Depths:3 | 38108 ||| Stepping ~*~*~tactically~*~*~ (hiding).
 38111 | Depths:3 | 38111 ||| Stepping ~*~*~tactically~*~*~ (hiding).
 38118 | Depths:3 | 38118 ||| INVOKING Heroism.
 38128 | Depths:3 | Received a gift from Okawaru
 38205 | Depths:3 | 38205 ||| Stepping ~*~*~tactically~*~*~ (hiding).
 38208 | Depths:3 | 38208 ||| Stepping ~*~*~tactically~*~*~ (hiding).
 38210 | Depths:3 | 38210 ||| Stepping ~*~*~tactically~*~*~ (hiding).
 38217 | Depths:3 | Reached XP level 23. HP: 156/156 MP: 30/30
 38321 | Depths:3 | 38321 ||| Stepping ~*~*~tactically~*~*~ (hiding).
 38437 | Depths:3 | Reached skill level 21 in Shields
 38441 | Depths:3 | 38441 ||| Stepping ~*~*~tactically~*~*~ (stealth).
 38445 | Depths:3 | 38445 ||| Stepping ~*~*~tactically~*~*~ (hiding).
 38447 | Depths:3 | 38447 ||| Stepping ~*~*~tactically~*~*~ (hiding).
 38451 | Depths:3 | 38451 ||| Stepping ~*~*~tactically~*~*~ (hiding).
 38453 | Depths:3 | 38453 ||| Stepping ~*~*~tactically~*~*~ (hiding).
 38462 | Depths:3 | Identified the +8 war axe "Puzxodgha" {spect, rElec rN+}
                  | (Okawaru gifted it to you on level 3 of the Depths)
 38462 | Depths:3 | Received a gift from Okawaru
 38464 | Depths:3 | 38464 ||| Stepping ~*~*~tactically~*~*~ (stealth).
 38465 | Depths:3 | 38465 ||| Stepping ~*~*~tactically~*~*~ (stealth).
 38472 | Depths:3 | 38472 ||| INVOKING Heroism.
 38473 | Depths:3 | 38473 ||| INVOKING Finesse.
 38474 | Depths:3 | 38474 ||| INVOKING Finesse.
 38515 | Depths:3 | 38515 ||| Stepping ~*~*~tactically~*~*~ (stealth).
 38517 | Depths:3 | 38517 ||| INVOKING Heroism.
 38518 | Depths:3 | 38518 ||| INVOKING Finesse.
 38530 | Depths:3 | 38530 ||| Stepping ~*~*~tactically~*~*~ (stealth).
 38536 | Depths:3 | 38536 ||| Stepping ~*~*~tactically~*~*~ (stealth).
 38544 | Depths:3 | 38544 ||| Stepping ~*~*~tactically~*~*~ (stealth).
 38546 | Depths:3 | 38546 ||| Stepping ~*~*~tactically~*~*~ (stealth).
 38547 | Depths:3 | 38547 ||| Stepping ~*~*~tactically~*~*~ (stealth).
 38548 | Depths:3 | 38548 ||| Stepping ~*~*~tactically~*~*~ (stealth).
 38549 | Depths:3 | 38549 ||| Stepping ~*~*~tactically~*~*~ (stealth).
 38552 | Depths:3 | 38552 ||| Stepping ~*~*~tactically~*~*~ (stealth).
 38555 | Depths:3 | 38555 ||| Stepping ~*~*~tactically~*~*~ (stealth).
 38611 | Depths:3 | 38611 ||| INVOKING Heroism.
 38613 | Depths:3 | 38613 ||| INVOKING Finesse.
 38677 | Depths:3 | 38677 ||| INVOKING Heroism.
 38678 | Depths:3 | 38678 ||| INVOKING Finesse.
 38737 | Depths:3 | 38737 ||| Stepping ~*~*~tactically~*~*~ (stealth).
 38739 | Depths:3 | 38739 ||| INVOKING Heroism.
 38746 | Depths:3 | 38746 ||| Stepping ~*~*~tactically~*~*~ (hiding).
 38760 | Depths:3 | Noticed a juggernaut
 38760 | Depths:3 | 38760 ||| INVOKING Finesse.
 38775 | Depths:3 | Killed a juggernaut
 38797 | Abyss:3  | Cast into level 3 of the Abyss (a wizard)
 38863 | Abyss:3  | 38863 ||| Stepping ~*~*~tactically~*~*~ (stealth).
 38870 | Abyss:3  | 38870 ||| Stepping ~*~*~tactically~*~*~ (hiding).
 38871 | Abyss:3  | 38871 ||| Stepping ~*~*~tactically~*~*~ (hiding).
 38871 | Abyss:3  | Found a corrupted altar of Lugonu.
 38872 | Abyss:3  | 38872 ||| Stepping ~*~*~tactically~*~*~ (stealth).
 38875 | Abyss:3  | 38875 ||| INVOKING Heroism.
 38896 | Abyss:3  | 38896 ||| Stepping ~*~*~tactically~*~*~ (stealth).
 38903 | Abyss:3  | Reached skill level 21 in Fighting
 38906 | Abyss:3  | 38906 ||| Stepping ~*~*~tactically~*~*~ (stealth).
 38908 | Abyss:3  | 38908 ||| Stepping ~*~*~tactically~*~*~ (hiding).
 38986 | Abyss:3  | 38986 ||| Stepping ~*~*~tactically~*~*~ (stealth).
 38990 | Abyss:3  | 38990 ||| Stepping ~*~*~tactically~*~*~ (hiding).
 38993 | Abyss:3  | 38993 ||| INVOKING Heroism.
 39023 | Abyss:3  | 39023 ||| Stepping ~*~*~tactically~*~*~ (stealth).
 39024 | Abyss:3  | 39024 ||| Stepping ~*~*~tactically~*~*~ (stealth).
 39035 | Depths:3 | Escaped the Abyss
 39039 | Depths:3 | 39039 ||| INVOKING Heroism.
 39043 | Depths:3 | 39043 ||| Stepping ~*~*~tactically~*~*~ (hiding).
 39421 | Depths:3 | Found a sacrificial altar of Ru.
 39534 | Depths:3 | 39534 ||| Stepping ~*~*~tactically~*~*~ (stealth).
 39535 | Depths:3 | 39535 ||| Stepping ~*~*~tactically~*~*~ (stealth).
 39537 | Depths:3 | 39537 ||| Stepping ~*~*~tactically~*~*~ (stealth).
 39539 | Depths:3 | 39539 ||| Stepping ~*~*~tactically~*~*~ (stealth).
 39541 | Depths:3 | 39541 ||| Stepping ~*~*~tactically~*~*~ (stealth).
 39543 | Depths:3 | 39543 ||| Stepping ~*~*~tactically~*~*~ (stealth).
 39692 | Depths:4 | 39692 ||| Stepping ~*~*~tactically~*~*~ (stealth).
 39693 | Depths:4 | Found a one-way gateway to a ziggurat.
 39694 | Depths:4 | 39694 ||| ZAPPING wand of digging (26).
 39695 | Depths:4 | 39695 ||| Stepping ~*~*~tactically~*~*~ (stealth).
 39757 | Depths:4 | 39757 ||| Stepping ~*~*~tactically~*~*~ (hiding).
 39759 | Depths:4 | 39759 ||| Stepping ~*~*~tactically~*~*~ (hiding).
 39760 | Depths:4 | 39760 ||| Stepping ~*~*~tactically~*~*~ (hiding).
 39762 | Depths:4 | 39762 ||| Stepping ~*~*~tactically~*~*~ (hiding).
 39776 | Depths:4 | 39776 ||| Stepping ~*~*~tactically~*~*~ (hiding).
 39782 | Depths:4 | 39782 ||| INVOKING Heroism.
 39805 | Depths:4 | Reached skill level 12 in Throwing
 39816 | Depths:4 | Received a gift from Okawaru
 39817 | Depths:4 | Found a gate to the Realm of Zot.
 40023 | Depths:4 | Found a portal to a secret trove of treasure.
 40247 | Depths:4 | 40247 ||| PLANNING VAULTS:5
 40264 | Depths:3 | 40264 ||| Stepping ~*~*~tactically~*~*~ (stealth).
 40265 | Depths:3 | 40265 ||| Stepping ~*~*~tactically~*~*~ (stealth).
 40266 | Depths:3 | 40266 ||| Stepping ~*~*~tactically~*~*~ (stealth).
 40479 | Vaults:5 | Entered Level 5 of the Vaults
 40480 | Vaults:5 | 40480 ||| INVOKING Heroism.
 40481 | Vaults:5 | 40481 ||| STAIRDANCE
 40498 | Vaults:5 | Received a gift from Okawaru
 40508 | Vaults:5 | 40508 ||| STAIRDANCE
 40542 | Vaults:5 | 40542 ||| INVOKING Heroism.
 40543 | Vaults:5 | 40543 ||| INVOKING Finesse.
 40559 | Vaults:5 | Reached skill level 21 in Armour
 40568 | Vaults:5 | 40568 ||| Stepping ~*~*~tactically~*~*~ (hiding).
 40590 | Vaults:5 | Received a gift from Okawaru
 40605 | Vaults:5 | Received a gift from Okawaru
 40606 | Vaults:5 | 40606 ||| INVOKING Finesse.
 40610 | Vaults:5 | Noticed a dread lich
 40619 | Vaults:5 | Reached XP level 24. HP: 155/168 MP: 26/30
 40630 | Vaults:5 | Received a gift from Okawaru
 40630 | Vaults:5 | Killed a dread lich
 40644 | Vaults:5 | 40644 ||| DRINKING 28 potions of curing.
 40644 | Vaults:5 | 40644 ||| (to cure confusion)
 40653 | Vaults:5 | 40653 ||| INVOKING Heroism.
 40653 | Vaults:5 | HP: 38/168 [sphinx/divine providence (16)]
 40654 | Vaults:5 | 40654 ||| READING 20 scrolls of teleportation.
 40655 | Vaults:5 | 40655 ||| DRINKING 8 potions of heal wounds.
 40677 | Vaults:5 | 40677 ||| Stepping ~*~*~tactically~*~*~ (hiding).
 40678 | Vaults:5 | 40678 ||| Stepping ~*~*~tactically~*~*~ (hiding).
 40679 | Vaults:5 | 40679 ||| Stepping ~*~*~tactically~*~*~ (hiding).
 40680 | Vaults:5 | 40680 ||| Stepping ~*~*~tactically~*~*~ (hiding).
 40692 | Vaults:5 | Received a gift from Okawaru
 40697 | Vaults:5 | 40697 ||| INVOKING Heroism.
 40706 | Vaults:5 | HP: 30/168 [titan/the air (41)]
 40707 | Vaults:5 | 40707 ||| READING 19 scrolls of teleportation.
 40708 | Vaults:5 | 40708 ||| DRINKING 7 potions of heal wounds.
 40709 | Vaults:5 | Received a gift from Okawaru
 40711 | Vaults:5 | HP: 31/168 [stone giant (15)]
 40712 | Vaults:5 | 40712 ||| DRINKING 6 potions of heal wounds.
 40750 | Vaults:5 | 40750 ||| Stepping ~*~*~tactically~*~*~ (hiding).
 40758 | Vaults:5 | 40758 ||| INVOKING Heroism.
 40798 | Vaults:5 | Received a gift from Okawaru
 40924 | Vaults:5 | Identified the +0 ring mail of the Lute {Harm Will+ Dex+2
                  | Slay+2}
 41233 | Vaults:5 | Got a silver rune of Zot
 41257 | Vaults:5 | Identified the +0 scale mail of the Noxious God {Will+}
 41322 | Vaults:5 | Found Ceusog's Armour Shop.
 41784 | Vaults:5 | Identified the +5 mace of the Eternal Warrior {flame,
                  | Will++ Dex-5}
 41788 | Vaults:5 | Identified the amulet "Guniguts" {Spirit Contam Rampage
                  | rElec Int+6}
 41932 | Vaults:5 | Identified the ring "Igary" {Str+6 Dex+2 Slay+2}
 41987 | Vaults:5 | 41987 ||| PLANNING SHOPPING SPREE
 41987 | Vaults:5 | 41987 ||| DROPPING +0 pair of gloves of stealth.
 41988 | Vaults:5 | 41988 ||| DROPPING +1 fire dragon scales.
 41989 | Vaults:5 | 41989 ||| DROPPING amulet "Guniguts" {Spirit Contam Rampage
                  | rElec Int+6}.
 41990 | Vaults:5 | 41990 ||| DROPPING ring of protection from cold.
 41991 | Vaults:5 | 41991 ||| DROPPING ring of protection from fire.
 41992 | Vaults:5 | 41992 ||| UPGRADING to ring "Igary" {Str+6 Dex+2 Slay+2}.
 41994 | Vaults:5 | 41994 ||| DROPPING +4 ring of evasion.
 42236 | Orc:2    | 42236 ||| BUYING potion of attraction (42 gold).
 42236 | Orc:2    | Bought a potion of attraction for 42 gold pieces
 42236 | Orc:2    | 42236 ||| BUYING potion of haste (140 gold).
 42236 | Orc:2    | Bought a potion of haste for 140 gold pieces
 42236 | Orc:2    | 42236 ||| BUYING potion of lignification (42 gold).
 42236 | Orc:2    | Bought a potion of lignification for 42 gold pieces
 42236 | Orc:2    | 42236 ||| BUYING potion of magic (112 gold).
 42236 | Orc:2    | Bought a potion of magic for 112 gold pieces
 42236 | Orc:2    | 42236 ||| BUYING potion of resistance (140 gold).
 42236 | Orc:2    | Bought a potion of resistance for 140 gold pieces
 42237 | Orc:2    | 42237 ||| BUYING scroll of acquirement (1040 gold).
 42237 | Orc:2    | Bought a scroll of acquirement for 1040 gold pieces
 42237 | Orc:2    | 42237 ||| READING scroll of acquirement.
 42237 | Orc:2    | 42237 ||| ACQUIRING +3 pair of seven-league boots
                  | {Rampage+∞}
 42237 | Orc:2    | Acquired the +3 pair of seven-league boots {Rampage+∞}
 42237 | Orc:2    | Found the +3 pair of seven-league boots {Rampage+∞}
 42239 | Orc:2    | 42239 ||| UPGRADING to +3 pair of seven-league boots
                  | {Rampage+∞}.
 42249 | Orc:2    | 42249 ||| DROPPING +2 pair of boots.
 42250 | Orc:2    | 42250 ||| PLANNING ZOT:1-4
 42494 | Zot:1    | Entered Level 1 of the Realm of Zot
 42511 | Zot:1    | 42511 ||| INVOKING Heroism.
 42612 | Zot:1    | 42612 ||| INVOKING Heroism.
 42677 | Zot:1    | 42677 ||| Stepping ~*~*~tactically~*~*~ (cloud).
 42680 | Zot:1    | 42680 ||| INVOKING Heroism.
 42683 | Zot:1    | Received a gift from Okawaru
 42811 | Zot:1    | 42811 ||| INVOKING Heroism.
 42834 | Zot:1    | Identified the +0 pair of gloves "Yzimoyw" {rC- rCorr MP+9
                  | Dex+9}
 42842 | Zot:1    | You are sucked into a shaft and drop 1 floor!
 42861 | Zot:2    | 42861 ||| Stepping ~*~*~tactically~*~*~ (hiding).
 42932 | Zot:2    | 42932 ||| Stepping ~*~*~tactically~*~*~ (hiding).
 42933 | Zot:2    | 42933 ||| Stepping ~*~*~tactically~*~*~ (hiding).
 42936 | Zot:2    | 42936 ||| Stepping ~*~*~tactically~*~*~ (hiding).
 42939 | Zot:2    | 42939 ||| Stepping ~*~*~tactically~*~*~ (hiding).
 42945 | Zot:2    | 42945 ||| Stepping ~*~*~tactically~*~*~ (hiding).
 42956 | Zot:2    | 42956 ||| INVOKING Heroism.
 43044 | Zot:2    | 43044 ||| INVOKING Heroism.
 43055 | Zot:2    | Reached XP level 25. HP: 121/175 MP: 29/30
 43057 | Zot:2    | Identified the -2 cloak "Goqeziu" {Will+++ Int-2 Dex+6}
                  | (Okawaru gifted it to you on level 2 of the Realm of Zot)
 43057 | Zot:2    | Received a gift from Okawaru
 43069 | Zot:2    | HP: 31/175 [red draconian scorcher/searing blast (29)]
 43070 | Zot:2    | 43070 ||| READING 20 scrolls of teleportation.
 43071 | Zot:2    | 43071 ||| DRINKING 7 potions of heal wounds.
 43075 | Zot:2    | HP: 41/175 [white draconian stormcaller/divine providence[a
                  | red draconian scorcher] (10)]
 43076 | Zot:2    | 43076 ||| DRINKING 6 potions of heal wounds.
 43079 | Zot:2    | 43079 ||| DRINKING 5 potions of heal wounds.
 43108 | Zot:2    | 43108 ||| INVOKING Heroism.
 43116 | Zot:2    | Noticed a Killer Klown
 43117 | Zot:2    | 43117 ||| INVOKING Finesse.
 43121 | Zot:2    | 43121 ||| Stepping ~*~*~tactically~*~*~ (hiding).
 43122 | Zot:2    | 43122 ||| Stepping ~*~*~tactically~*~*~ (hiding).
 43126 | Zot:2    | Killed a Killer Klown
 43187 | Zot:2    | 43187 ||| UPGRADING to scarf of resistance.
 43338 | Zot:1    | 43338 ||| Stepping ~*~*~tactically~*~*~ (hiding).
 43340 | Zot:1    | 43340 ||| Stepping ~*~*~tactically~*~*~ (hiding).
 43342 | Zot:1    | 43342 ||| Stepping ~*~*~tactically~*~*~ (hiding).
 43541 | Zot:2    | 43541 ||| INVOKING Heroism.
 43779 | Zot:2    | Identified the +4 war axe "Dosmij" {venom, rPois Int+3}
 43820 | Zot:2    | 43820 ||| Stepping randomly (disturbance).
 43821 | Zot:2    | 43821 ||| Stepping randomly (disturbance).
 43822 | Zot:2    | 43822 ||| Stepping randomly (disturbance).
 44105 | Zot:2    | 44105 ||| UPGRADING to -2 cloak "Goqeziu" {Will+++ Int-2
                  | Dex+6}.
 44115 | Zot:2    | 44115 ||| UPGRADING to -1 pair of boots of the Onion {rF+}.
 44212 | Zot:3    | Found a huge runed gate.
 44212 | Zot:3    | Found a huge runed gate.
 44212 | Zot:3    | Found a huge runed gate.
 44212 | Zot:3    | Found a huge runed gate.
 44212 | Zot:3    | Found a huge runed gate.
 44212 | Zot:3    | Found a huge runed gate.
 44212 | Zot:3    | Found a huge runed gate.
 44212 | Zot:3    | Found a huge runed gate.
 44212 | Zot:3    | Found a huge runed gate.
 44213 | Zot:3    | Found a huge runed gate.
 44223 | Zot:3    | Found a huge runed gate.
 44223 | Zot:3    | Found a huge runed gate.
 44223 | Zot:3    | Found a huge runed gate.
 44265 | Zot:3    | 44265 ||| INVOKING Heroism.
 44306 | Zot:3    | 44306 ||| Stepping randomly (disturbance).
 44307 | Zot:3    | 44307 ||| Stepping randomly (disturbance).
 44308 | Zot:3    | 44308 ||| Stepping randomly (disturbance).
 44309 | Zot:3    | 44309 ||| Stepping randomly (disturbance).
 44322 | Zot:3    | 44322 ||| INVOKING Heroism.
 44481 | Zot:3    | Found a huge runed gate.
 44481 | Zot:3    | Found a huge runed gate.
 44481 | Zot:3    | Found a huge runed gate.
 44481 | Zot:3    | Found a huge runed gate.
 44481 | Zot:3    | Found a huge runed gate.
 44481 | Zot:3    | Found a huge runed gate.
 44482 | Zot:3    | Found a huge runed gate.
 44483 | Zot:3    | Found a huge runed gate.
 44484 | Zot:3    | Found a huge runed gate.
 44485 | Zot:3    | Found a huge runed gate.
 44486 | Zot:3    | Found a huge runed gate.
 44488 | Zot:3    | Found a huge runed gate.
 44489 | Zot:3    | Found a huge runed gate.
 44490 | Zot:3    | Found a huge runed gate.
 44491 | Zot:3    | Found a huge runed gate.
 44500 | Zot:3    | Found a huge runed gate.
 44500 | Zot:3    | Found a huge runed gate.
 44500 | Zot:3    | Found a huge runed gate.
 44500 | Zot:3    | Found a huge runed gate.
 44500 | Zot:3    | Found a huge runed gate.
 44500 | Zot:3    | Found a huge runed gate.
 44501 | Zot:3    | Found a huge runed gate.
 44502 | Zot:3    | Found a huge runed gate.
 44592 | Zot:3    | 44592 ||| DROPPING +4 ring of protection.
 44593 | Zot:3    | 44593 ||| DROPPING +6 ring of strength.
 44610 | Zot:4    | 44610 ||| STAIRDANCE
 44623 | Zot:3    | Reached skill level 12 in Dodging
 44707 | Zot:4    | 44707 ||| INVOKING Heroism.
 44749 | Zot:4    | 44749 ||| Stepping ~*~*~tactically~*~*~ (hiding).
 44750 | Zot:4    | 44750 ||| Stepping ~*~*~tactically~*~*~ (hiding).
 44860 | Zot:4    | 44860 ||| INVOKING Heroism.
 44882 | Zot:4    | Identified the +5 falchion "Leviticus" {drain, +Blink rElec
                  | rC+++ Int-5}
 44892 | Zot:4    | 44892 ||| Stepping ~*~*~tactically~*~*~ (hiding).
 44894 | Zot:4    | 44894 ||| INVOKING Heroism.
 44916 | Zot:4    | 44916 ||| Stepping ~*~*~tactically~*~*~ (stealth).
 44917 | Zot:4    | 44917 ||| Stepping ~*~*~tactically~*~*~ (stealth).
 44919 | Zot:4    | 44919 ||| Stepping ~*~*~tactically~*~*~ (hiding).
 44920 | Zot:4    | 44920 ||| Stepping ~*~*~tactically~*~*~ (hiding).
 44934 | Zot:4    | 44934 ||| INVOKING Heroism.
 44945 | Zot:4    | 44945 ||| Stepping ~*~*~tactically~*~*~ (hiding).
 45106 | Zot:4    | 45106 ||| Stepping ~*~*~tactically~*~*~ (stealth).
 45167 | Zot:4    | Noticed a Killer Klown
 45168 | Zot:4    | 45168 ||| Stepping ~*~*~tactically~*~*~ (stealth).
 45169 | Zot:4    | 45169 ||| INVOKING Heroism.
 45170 | Zot:4    | 45170 ||| INVOKING Finesse.
 45187 | Zot:4    | Killed a Killer Klown
 45191 | Zot:4    | Received a gift from Okawaru
 45251 | Zot:4    | 45251 ||| Stepping ~*~*~tactically~*~*~ (stealth).
 45254 | Zot:4    | 45254 ||| Stepping ~*~*~tactically~*~*~ (stealth).
 45255 | Zot:4    | 45255 ||| INVOKING Heroism.
 45302 | Zot:4    | 45302 ||| Stepping ~*~*~tactically~*~*~ (hiding).
 45303 | Zot:4    | 45303 ||| Stepping ~*~*~tactically~*~*~ (hiding).
 45304 | Zot:4    | 45304 ||| Stepping ~*~*~tactically~*~*~ (hiding).
 45307 | Zot:4    | 45307 ||| INVOKING Heroism.
 45339 | Zot:4    | 45339 ||| Stepping ~*~*~tactically~*~*~ (hiding).
 45444 | Zot:4    | 45444 ||| INVOKING Heroism.
 45504 | Zot:4    | 45504 ||| Stepping ~*~*~tactically~*~*~ (hiding).
 45505 | Zot:4    | 45505 ||| Stepping ~*~*~tactically~*~*~ (hiding).
 45508 | Zot:4    | 45508 ||| INVOKING Heroism.
 45516 | Zot:4    | Reached skill level 24 in Fighting
 45526 | Zot:4    | 45526 ||| Stepping randomly (disturbance).
 45527 | Zot:4    | 45527 ||| Stepping randomly (disturbance).
 45528 | Zot:4    | 45528 ||| Stepping randomly (disturbance).
 45529 | Zot:4    | 45529 ||| Stepping randomly (disturbance).
 45909 | Zot:4    | 45909 ||| PLANNING THE SHINING ONE WORSHIP
 45909 | Zot:4    | 45909 ||| UPGRADING to +3 pair of seven-league boots
                  | {Rampage+∞}.
 46283 | Temple   | Fell from the grace of Okawaru
 46283 | Temple   | Became a worshipper of the Shining One
 46284 | Temple   | 46284 ||| PLANNING CRYPT
 46525 | Vaults:2 | 46525 ||| Stepping ~*~*~tactically~*~*~ (stealth).
 46555 | Vaults:2 | 46555 ||| DROPPING +0 hand axe.
 46632 | Crypt:1  | Entered Level 1 of the Crypt
 46704 | Crypt:1  | Noticed a royal mummy
 46705 | Crypt:1  | Noticed Khufu
 46708 | Crypt:1  | Reached * piety under the Shining One
 46710 | Crypt:1  | Killed a royal mummy
 46719 | Crypt:1  | Killed Khufu
 46720 | Crypt:1  | Reached skill level 11 in Invocations
 46737 | Crypt:1  | Reached ** piety under the Shining One
 46740 | Crypt:1  | Reached XP level 26. HP: 86/184 MP: 31/31
 46815 | Crypt:1  | 46815 ||| Stepping ~*~*~tactically~*~*~ (hiding).
 46816 | Crypt:1  | 46816 ||| Stepping ~*~*~tactically~*~*~ (hiding).
 46920 | Crypt:1  | 46920 ||| DROPPING +0 war axe of freezing.
 47070 | Crypt:1  | Reached *** piety under the Shining One
 47071 | Crypt:1  | 47071 ||| Stepping ~*~*~tactically~*~*~ (stealth).
 47074 | Crypt:1  | Reached skill level 12 in Invocations
 47076 | Crypt:1  | 47076 ||| Stepping ~*~*~tactically~*~*~ (hiding).
 47147 | Crypt:1  | 47147 ||| Stepping ~*~*~tactically~*~*~ (hiding).
 47182 | Crypt:1  | Reached **** piety under the Shining One
 47605 | Crypt:2  | 47605 ||| STAIRDANCE
 47605 | Crypt:2  | Noticed Sojobo
 47626 | Crypt:2  | Killed Sojobo
 47627 | Crypt:2  | Reached skill level 13 in Invocations
 47638 | Crypt:2  | Reached ***** piety under the Shining One
 47671 | Crypt:2  | 47671 ||| Stepping ~*~*~tactically~*~*~ (hiding).
 47674 | Crypt:2  | 47674 ||| Stepping ~*~*~tactically~*~*~ (hiding).
 47705 | Crypt:2  | 47705 ||| Stepping ~*~*~tactically~*~*~ (hiding).
 47765 | Crypt:2  | 47765 ||| Stepping ~*~*~tactically~*~*~ (hiding).
 47785 | Crypt:2  | 47785 ||| Stepping ~*~*~tactically~*~*~ (hiding).
 47786 | Crypt:2  | 47786 ||| Stepping ~*~*~tactically~*~*~ (hiding).
 47787 | Crypt:2  | 47787 ||| Stepping ~*~*~tactically~*~*~ (hiding).
 47792 | Crypt:2  | Reached skill level 14 in Invocations
 47797 | Crypt:2  | 47797 ||| Stepping ~*~*~tactically~*~*~ (stealth).
 47854 | Crypt:2  | 47854 ||| Stepping ~*~*~tactically~*~*~ (hiding).
 47855 | Crypt:2  | 47855 ||| INVOKING Cleansing Flame.
 47864 | Crypt:2  | 47864 ||| INVOKING Cleansing Flame.
 47865 | Crypt:2  | 47865 ||| INVOKING Cleansing Flame.
 47866 | Crypt:2  | 47866 ||| INVOKING Cleansing Flame.
 47867 | Crypt:2  | 47867 ||| INVOKING Cleansing Flame.
 47868 | Crypt:2  | 47868 ||| INVOKING Cleansing Flame.
 47869 | Crypt:2  | 47869 ||| INVOKING Cleansing Flame.
 48448 | Crypt:3  | Entered Level 3 of the Crypt
 48451 | Crypt:3  | 48451 ||| STAIRDANCE
 48455 | Crypt:3  | 48455 ||| STAIRDANCE
 48465 | Crypt:3  | 48465 ||| STAIRDANCE
 48477 | Crypt:3  | Found a staircase to the Tomb.
 48484 | Crypt:3  | Reached skill level 15 in Invocations
 48529 | Crypt:3  | Reached ****** piety under the Shining One
 48538 | Crypt:3  | 48538 ||| INVOKING Brand Weapon With Holy Wrath.
 48538 | Crypt:3  | Identified a +2 broad axe of holy wrath (a +0 broad axe
                  | blessed by the Shining One)
 48538 | Crypt:3  | Received a gift from the Shining One
 48629 | Crypt:3  | 48629 ||| Stepping ~*~*~tactically~*~*~ (stealth).
 48630 | Crypt:3  | 48630 ||| Stepping ~*~*~tactically~*~*~ (stealth).
 48631 | Crypt:3  | 48631 ||| Stepping ~*~*~tactically~*~*~ (stealth).
 48683 | Crypt:3  | 48683 ||| Stepping ~*~*~tactically~*~*~ (hiding).
 48693 | Crypt:3  | Reached skill level 16 in Invocations
 48700 | Crypt:3  | 48700 ||| INVOKING Summon Divine Warrior.
 48846 | Crypt:3  | Found a runed translucent gate.
 48846 | Crypt:3  | Found a runed translucent gate.
 48846 | Crypt:3  | Found a runed translucent gate.
 48899 | Crypt:3  | Identified the +2 pair of boots "Wishutto" {Int+3}
 48930 | Crypt:3  | 48930 ||| READING scroll of acquirement.
 48930 | Crypt:3  | 48930 ||| ACQUIRING 235 gold pieces
 48930 | Crypt:3  | Acquired 235 gold pieces
 49033 | Crypt:3  | Reached skill level 17 in Invocations
 49112 | Crypt:3  | Found a basalt altar of Yredelemnul.
 49270 | Crypt:3  | Reached skill level 18 in Invocations
 49343 | Crypt:3  | Noticed Jory
 49361 | Crypt:3  | Killed Jory
 49387 | Crypt:3  | Identified the +2 pair of gloves "Pamudein" {*Slow Dex+2
                  | SInv}
 49491 | Crypt:3  | Reached XP level 27. HP: 190/190 MP: 36/36
 49849 | Crypt:3  | 49849 ||| PLANNING TOMB
 49849 | Crypt:3  | 49849 ||| DROPPING +2 pair of boots "Wishutto" {Int+3}.
 49850 | Crypt:3  | 49850 ||| SWAPPING to +2 broad axe of holy wrath.
 49851 | Crypt:3  | 49851 ||| READING 5 scrolls of enchant weapon.
 49851 | Crypt:3  | 49851 ||| ENCHANTING +2 broad axe of holy wrath.
 49852 | Crypt:3  | 49852 ||| READING 4 scrolls of enchant weapon.
 49852 | Crypt:3  | 49852 ||| ENCHANTING +3 broad axe of holy wrath.
 49853 | Crypt:3  | 49853 ||| READING 3 scrolls of enchant weapon.
 49853 | Crypt:3  | 49853 ||| ENCHANTING +4 broad axe of holy wrath.
 49854 | Crypt:3  | 49854 ||| READING 2 scrolls of enchant weapon.
 49854 | Crypt:3  | 49854 ||| ENCHANTING +5 broad axe of holy wrath.
 49855 | Crypt:3  | 49855 ||| READING scroll of enchant weapon.
 49855 | Crypt:3  | 49855 ||| ENCHANTING +6 broad axe of holy wrath.
 49856 | Crypt:3  | 49856 ||| DROPPING +2 pair of gloves "Pamudein" {*Slow
                  | Dex+2 SInv}.
 49857 | Crypt:3  | 49857 ||| DROPPING amulet of guardian spirit.
 49858 | Crypt:3  | 49858 ||| DROPPING ring of wizardry.
 49990 | Tomb:1   | Entered Level 1 of the Tomb of the Ancients
 50270 | Tomb:1   | Noticed a royal mummy
 50270 | Tomb:1   | Noticed a royal mummy
 50271 | Tomb:1   | 50271 ||| INVOKING Cleansing Flame.
 50272 | Tomb:1   | 50272 ||| INVOKING Cleansing Flame.
 50273 | Tomb:1   | 50273 ||| INVOKING Summon Divine Warrior.
 50275 | Tomb:1   | 50275 ||| INVOKING Cleansing Flame.
 50276 | Tomb:1   | 50276 ||| INVOKING Cleansing Flame.
 50277 | Tomb:1   | 50277 ||| INVOKING Cleansing Flame.
 50277 | Tomb:1   | Killed a royal mummy
 50281 | Tomb:1   | 50281 ||| INVOKING Cleansing Flame.
 50285 | Tomb:1   | Killed a royal mummy
 50286 | Tomb:1   | Reached skill level 19 in Invocations
 50289 | Tomb:1   | Noticed a royal mummy
 50293 | Tomb:1   | Killed a royal mummy
 50301 | Tomb:1   | 50301 ||| Stepping ~*~*~tactically~*~*~ (hiding).
 50305 | Tomb:1   | 50305 ||| INVOKING Cleansing Flame.
 50390 | Tomb:1   | 50390 ||| INVOKING Cleansing Flame.
 50391 | Tomb:1   | 50391 ||| INVOKING Cleansing Flame.
 50393 | Tomb:1   | Identified the +10 hand axe of Poesty {protect, Str+4 Int-4
                  | SInv}
 50504 | Tomb:1   | Reached skill level 20 in Invocations
 51085 | Tomb:2   | 51085 ||| DRINKING 16 potions of haste.
 51086 | Tomb:2   | 51086 ||| DRINKING 9 potions of attraction.
 51089 | Tomb:2   | Noticed a royal mummy
 51089 | Tomb:2   | Noticed a royal mummy
 51090 | Tomb:2   | 51090 ||| INVOKING Summon Divine Warrior.
 51090 | Tomb:2   | Noticed a royal mummy
 51091 | Tomb:2   | 51091 ||| INVOKING Cleansing Flame.
 51092 | Tomb:2   | Noticed a royal mummy
 51092 | Tomb:2   | 51092 ||| INVOKING Cleansing Flame.
 51093 | Tomb:2   | 51093 ||| INVOKING Cleansing Flame.
 51094 | Tomb:2   | Killed a royal mummy
 51095 | Tomb:2   | Killed a royal mummy
 51096 | Tomb:2   | Killed a royal mummy
 51101 | Tomb:2   | Killed a royal mummy
 51228 | Tomb:2   | Reached skill level 21 in Invocations
 51671 | Tomb:1   | Noticed a royal mummy
 51671 | Tomb:1   | Noticed a royal mummy
 51672 | Tomb:1   | 51672 ||| Stepping ~*~*~tactically~*~*~ (hiding).
 51674 | Tomb:1   | 51674 ||| INVOKING Cleansing Flame.
 51675 | Tomb:1   | 51675 ||| INVOKING Summon Divine Warrior.
 51679 | Tomb:1   | Killed a royal mummy
 51681 | Tomb:1   | 51681 ||| INVOKING Cleansing Flame.
 51683 | Tomb:1   | Noticed a royal mummy
 51684 | Tomb:1   | Killed a royal mummy
 51685 | Tomb:1   | 51685 ||| INVOKING Cleansing Flame.
 51689 | Tomb:1   | Killed a royal mummy
 51761 | Tomb:1   | Noticed a royal mummy
 51765 | Tomb:1   | 51765 ||| INVOKING Cleansing Flame.
 51766 | Tomb:1   | 51766 ||| INVOKING Cleansing Flame.
 51767 | Tomb:1   | 51767 ||| INVOKING Cleansing Flame.
 51767 | Tomb:1   | Killed a royal mummy
 51810 | Tomb:1   | Noticed a royal mummy
 51811 | Tomb:1   | 51811 ||| INVOKING Cleansing Flame.
 51812 | Tomb:1   | Noticed a royal mummy
 51813 | Tomb:1   | Killed a royal mummy
 51818 | Tomb:1   | Killed a royal mummy
 51824 | Tomb:1   | Noticed a royal mummy
 51830 | Tomb:1   | 51830 ||| INVOKING Cleansing Flame.
 51831 | Tomb:1   | 51831 ||| INVOKING Cleansing Flame.
 51832 | Tomb:1   | 51832 ||| INVOKING Cleansing Flame.
 51833 | Tomb:1   | 51833 ||| INVOKING Cleansing Flame.
 51833 | Tomb:1   | Killed a royal mummy
 51847 | Tomb:1   | Noticed a royal mummy
 51849 | Tomb:1   | 51849 ||| INVOKING Cleansing Flame.
 51850 | Tomb:1   | 51850 ||| INVOKING Cleansing Flame.
 51851 | Tomb:1   | 51851 ||| INVOKING Cleansing Flame.
 51852 | Tomb:1   | 51852 ||| INVOKING Cleansing Flame.
 51852 | Tomb:1   | Killed a royal mummy
 51880 | Tomb:1   | Noticed a royal mummy
 51881 | Tomb:1   | 51881 ||| INVOKING Cleansing Flame.
 51882 | Tomb:1   | 51882 ||| INVOKING Cleansing Flame.
 51882 | Tomb:1   | Killed a royal mummy
 52056 | Tomb:1   | Was forgiven by Okawaru
 52101 | Tomb:1   | Noticed a royal mummy
 52102 | Tomb:1   | 52102 ||| INVOKING Summon Divine Warrior.
 52105 | Tomb:1   | Killed a royal mummy
 52106 | Tomb:1   | Reached skill level 22 in Invocations
 52116 | Tomb:1   | Noticed a royal mummy
 52120 | Tomb:1   | Killed a royal mummy
 52254 | Tomb:1   | Noticed a royal mummy
 52256 | Tomb:1   | Noticed a royal mummy
 52258 | Tomb:1   | 52258 ||| INVOKING Cleansing Flame.
 52262 | Tomb:1   | Killed a royal mummy
 52271 | Tomb:1   | 52271 ||| INVOKING Cleansing Flame.
 52272 | Tomb:1   | 52272 ||| INVOKING Cleansing Flame.
 52273 | Tomb:1   | 52273 ||| INVOKING Cleansing Flame.
 52274 | Tomb:1   | 52274 ||| INVOKING Cleansing Flame.
 52275 | Tomb:1   | 52275 ||| INVOKING Cleansing Flame.
 52276 | Tomb:1   | 52276 ||| INVOKING Cleansing Flame.
 52277 | Tomb:1   | 52277 ||| INVOKING Cleansing Flame.
 52277 | Tomb:1   | Killed a royal mummy
 52414 | Tomb:1   | Noticed a royal mummy
 52415 | Tomb:1   | Noticed a royal mummy
 52419 | Tomb:1   | Killed a royal mummy
 52420 | Tomb:1   | 52420 ||| INVOKING Cleansing Flame.
 52424 | Tomb:1   | Killed a royal mummy
 52442 | Tomb:1   | Noticed a royal mummy
 52443 | Tomb:1   | Noticed a royal mummy
 52448 | Tomb:1   | Killed a royal mummy
 52453 | Tomb:1   | Killed a royal mummy
 52487 | Tomb:1   | Noticed a royal mummy
 52488 | Tomb:1   | 52488 ||| INVOKING Summon Divine Warrior.
 52488 | Tomb:1   | Noticed a royal mummy
 52490 | Tomb:1   | 52490 ||| INVOKING Summon Divine Warrior.
 52494 | Tomb:1   | Killed a royal mummy
 52495 | Tomb:1   | Reached skill level 23 in Invocations
 52495 | Tomb:1   | 52495 ||| INVOKING Cleansing Flame.
 52496 | Tomb:1   | 52496 ||| INVOKING Cleansing Flame.
 52497 | Tomb:1   | 52497 ||| INVOKING Cleansing Flame.
 52497 | Tomb:1   | Noticed a royal mummy
 52497 | Tomb:1   | Killed a royal mummy
 52498 | Tomb:1   | Noticed a royal mummy
 52501 | Tomb:1   | Killed a royal mummy
 52502 | Tomb:1   | Noticed a royal mummy
 52506 | Tomb:1   | Killed a royal mummy
 52506 | Tomb:1   | HP: 46/190 [torment (9)]
 52507 | Tomb:1   | 52507 ||| READING 27 scrolls of teleportation.
 52508 | Tomb:1   | 52508 ||| INVOKING Cleansing Flame.
 52837 | Tomb:1   | 52837 ||| Stepping ~*~*~tactically~*~*~ (stealth).
 52838 | Tomb:1   | 52838 ||| Stepping ~*~*~tactically~*~*~ (stealth).
 52840 | Tomb:1   | 52840 ||| Stepping ~*~*~tactically~*~*~ (hiding).
 52842 | Tomb:1   | 52842 ||| INVOKING Summon Divine Warrior.
 52848 | Tomb:1   | Killed a royal mummy
 53217 | Tomb:2   | 53217 ||| INVOKING Cleansing Flame.
 53224 | Tomb:2   | 53224 ||| INVOKING Cleansing Flame.
 53230 | Tomb:2   | 53230 ||| INVOKING Summon Divine Warrior.
 53238 | Tomb:2   | 53238 ||| INVOKING Cleansing Flame.
 53239 | Tomb:2   | 53239 ||| INVOKING Cleansing Flame.
 53458 | Tomb:3   | Entered Level 3 of the Tomb of the Ancients
 53459 | Tomb:3   | 53459 ||| DRINKING 16 potions of haste.
 53460 | Tomb:3   | 53460 ||| DRINKING 8 potions of attraction.
 53492 | Tomb:3   | Reached skill level 24 in Invocations
 53501 | Tomb:3   | 53501 ||| INVOKING Cleansing Flame.
 53506 | Tomb:3   | 53506 ||| INVOKING Cleansing Flame.
 53507 | Tomb:3   | 53507 ||| INVOKING Cleansing Flame.
 53512 | Tomb:3   | 53512 ||| INVOKING Cleansing Flame.
 53513 | Tomb:3   | 53513 ||| INVOKING Cleansing Flame.
 53517 | Tomb:3   | Noticed a royal mummy
 53518 | Tomb:3   | 53518 ||| INVOKING Summon Divine Warrior.
 53519 | Tomb:3   | 53519 ||| INVOKING Cleansing Flame.
 53522 | Tomb:3   | Killed a royal mummy
 53523 | Tomb:3   | Noticed a royal mummy
 53524 | Tomb:3   | Noticed a royal mummy
 53525 | Tomb:3   | Noticed a royal mummy
 53525 | Tomb:3   | Noticed a royal mummy
 53529 | Tomb:3   | 53529 ||| INVOKING Cleansing Flame.
 53530 | Tomb:3   | 53530 ||| INVOKING Cleansing Flame.
 53530 | Tomb:3   | Killed a royal mummy
 53530 | Tomb:3   | Killed a royal mummy
 53530 | Tomb:3   | Noticed a royal mummy
 53531 | Tomb:3   | Killed a royal mummy
 53531 | Tomb:3   | Noticed a royal mummy
 53532 | Tomb:3   | 53532 ||| INVOKING Cleansing Flame.
 53532 | Tomb:3   | Noticed a royal mummy
 53532 | Tomb:3   | Noticed a royal mummy
 53533 | Tomb:3   | Reached skill level 25 in Invocations
 53535 | Tomb:3   | 53535 ||| INVOKING Cleansing Flame.
 53536 | Tomb:3   | 53536 ||| INVOKING Cleansing Flame.
 53536 | Tomb:3   | Killed a royal mummy
 53537 | Tomb:3   | 53537 ||| INVOKING Cleansing Flame.
 53539 | Tomb:3   | Killed a royal mummy
 53540 | Tomb:3   | 53540 ||| INVOKING Cleansing Flame.
 53541 | Tomb:3   | 53541 ||| INVOKING Cleansing Flame.
 53541 | Tomb:3   | Killed a royal mummy
 53542 | Tomb:3   | Killed a royal mummy
 53543 | Tomb:3   | 53543 ||| INVOKING Summon Divine Warrior.
 53545 | Tomb:3   | HP: 44/190 [mummy priest/divine providence (13)]
 53546 | Tomb:3   | 53546 ||| READING 26 scrolls of teleportation.
 53547 | Tomb:3   | 53547 ||| DRINKING 7 potions of heal wounds.
 53548 | Tomb:3   | 53548 ||| INVOKING Cleansing Flame.
 53548 | Tomb:3   | Killed a royal mummy
 53548 | Tomb:3   | Found the +3 hat of Pondering {ponderous, Will+ MP+10
                  | Int+5}
 53688 | Tomb:3   | Identified the +2 arbalest of Efel {vorpal, rF+}
 53707 | Tomb:3   | Identified the +4 chain mail of the Vaults {rElec Regen+
                  | Stlth-}
 53723 | Tomb:3   | Identified the ring of Nujaz {Str+7 Int+6 Slay+4}
 53728 | Tomb:3   | Identified the +6 hand axe of the Chewing Stork {venom,
                  | rElec rC- rN+ Int+2}
 53732 | Tomb:3   | Identified the +10 quick blade of Uncertain Death {vorpal,
                  | rN+ Will+ rCorr Str-3}
 53783 | Tomb:3   | 53783 ||| INVOKING Cleansing Flame.
 54188 | Tomb:3   | Got a golden rune of Zot
 54194 | Tomb:3   | 54194 ||| PLANNING PAN
 54194 | Tomb:3   | 54194 ||| DROPPING +1 cloak.
 54195 | Tomb:3   | 54195 ||| DROPPING amulet of magic regeneration.
 54196 | Tomb:3   | 54196 ||| DROPPING ring of protection from fire.
 54197 | Tomb:3   | 54197 ||| UPGRADING to ring of Nujaz {Str+7 Int+6 Slay+4}.
 54199 | Tomb:3   | 54199 ||| UPGRADING to ring "Igary" {Str+6 Dex+2 Slay+2}.
 54201 | Tomb:3   | 54201 ||| DROPPING +4 ring of slaying {mikee}.
 54560 | Pan      | Entered Pandemonium
 54603 | Pan      | Noticed Xuon the pandemonium lord
 54607 | Pan      | Reached skill level 26 in Invocations
 54607 | Pan      | 54607 ||| INVOKING Summon Divine Warrior.
 54614 | Pan      | 54614 ||| INVOKING Cleansing Flame.
 54615 | Pan      | 54615 ||| INVOKING Cleansing Flame.
 54615 | Pan      | Killed Xuon the pandemonium lord
 54618 | Pan      | 54618 ||| INVOKING Cleansing Flame.
 54623 | Pan      | 54623 ||| INVOKING Cleansing Flame.
 54898 | Pan      | 54898 ||| DROPPING amulet of the acrobat.
 54899 | Pan      | 54899 ||| Stepping randomly (stuck).
 54900 | Pan      | 54900 ||| Stepping randomly (stuck).
 54901 | Pan      | 54901 ||| Stepping randomly (stuck).
 54902 | Pan      | 54902 ||| Stepping randomly (stuck).
 54903 | Pan      | 54903 ||| Stepping randomly (stuck).
 54904 | Pan      | 54904 ||| Stepping randomly (stuck).
 55229 | Pan      | 55229 ||| Stepping ~*~*~tactically~*~*~ (stealth).
 55230 | Pan      | 55230 ||| Stepping ~*~*~tactically~*~*~ (stealth).
 55232 | Pan      | 55232 ||| Stepping ~*~*~tactically~*~*~ (stealth).
 55234 | Pan      | 55234 ||| Stepping ~*~*~tactically~*~*~ (stealth).
 55267 | Pan      | 55267 ||| Stepping ~*~*~tactically~*~*~ (stealth).
 55268 | Pan      | 55268 ||| Stepping ~*~*~tactically~*~*~ (stealth).
 55280 | Pan      | 55280 ||| Stepping ~*~*~tactically~*~*~ (stealth).
 55296 | Pan      | 55296 ||| Stepping ~*~*~tactically~*~*~ (stealth).
 55299 | Pan      | 55299 ||| Stepping ~*~*~tactically~*~*~ (stealth).
 55316 | Pan      | 55316 ||| INVOKING Cleansing Flame.
 55338 | Pan      | 55338 ||| INVOKING Cleansing Flame.
 55338 | Pan      | Noticed Sihul the pandemonium lord
 55339 | Pan      | 55339 ||| INVOKING Summon Divine Warrior.
 55346 | Pan      | 55346 ||| INVOKING Cleansing Flame.
 55347 | Pan      | 55347 ||| INVOKING Cleansing Flame.
 55349 | Pan      | 55349 ||| DRINKING 4 potions of cancellation.
 55352 | Pan      | 55352 ||| DRINKING 3 potions of cancellation.
 55353 | Pan      | 55353 ||| READING 25 scrolls of teleportation.
 55353 | Pan      | HP: 19/190 [Sihul the pandemonium lord (33)]
 55354 | Pan      | 55354 ||| DRINKING 7 potions of heal wounds.
 55355 | Pan      | 55355 ||| DRINKING 6 potions of heal wounds.
 55356 | Pan      | 55356 ||| READING 24 scrolls of teleportation.
 55451 | Pan      | 55451 ||| Stepping ~*~*~tactically~*~*~ (cloud).
 55458 | Pan      | 55458 ||| INVOKING Cleansing Flame.
 55465 | Pan      | 55465 ||| Stepping ~*~*~tactically~*~*~ (stealth).
 55466 | Pan      | 55466 ||| Stepping ~*~*~tactically~*~*~ (stealth).
 55544 | Pan      | 55544 ||| INVOKING Summon Divine Warrior.
 55549 | Pan      | 55549 ||| DRINKING 2 potions of cancellation.
 55555 | Pan      | 55555 ||| READING 23 scrolls of teleportation.
 55555 | Pan      | HP: 34/190 [Sihul the pandemonium lord (27)]
 55556 | Pan      | 55556 ||| DRINKING 5 potions of heal wounds.
 55557 | Pan      | 55557 ||| DRINKING 4 potions of heal wounds.
 55558 | Pan      | 55558 ||| DRINKING 3 potions of heal wounds.
 55671 | Pan      | 55671 ||| INVOKING Summon Divine Warrior.
 55678 | Pan      | 55678 ||| INVOKING Summon Divine Warrior.
 55684 | Pan      | 55684 ||| DRINKING potion of cancellation.
 55685 | Pan      | Killed Sihul the pandemonium lord
 55821 | Pan      | 55821 ||| INVOKING Cleansing Flame.
 55893 | Pan      | Got a demonic rune of Zot
 55990 | Pan      | Noticed Jaseis the pandemonium lord
 55991 | Pan      | Reached skill level 27 in Invocations
 55991 | Pan      | 55991 ||| Stepping ~*~*~tactically~*~*~ (hiding).
 55992 | Pan      | 55992 ||| Stepping ~*~*~tactically~*~*~ (hiding).
 55993 | Pan      | 55993 ||| INVOKING Summon Divine Warrior.
 55995 | Pan      | 55995 ||| INVOKING Cleansing Flame.
 55999 | Pan      | Killed Jaseis the pandemonium lord
 56021 | Pan      | 56021 ||| DROPPING scarf of harm.
 56022 | Pan      | 56022 ||| Stepping randomly (stuck).
 56023 | Pan      | 56023 ||| Stepping randomly (stuck).
 56039 | Pan      | Entered the realm of Lom Lobon.
 56122 | Pan      | 56122 ||| Stepping randomly (cloudy).
 56180 | Pan      | 56180 ||| Stepping ~*~*~tactically~*~*~ (cloud).
 56213 | Pan      | 56213 ||| Stepping ~*~*~tactically~*~*~ (hiding).
 56214 | Pan      | 56214 ||| Stepping ~*~*~tactically~*~*~ (hiding).
 56217 | Pan      | 56217 ||| Stepping ~*~*~tactically~*~*~ (hiding).
 56258 | Pan      | 56258 ||| Stepping ~*~*~tactically~*~*~ (stealth).
 56338 | Pan      | 56338 ||| Stepping ~*~*~tactically~*~*~ (stealth).
 56339 | Pan      | 56339 ||| Stepping ~*~*~tactically~*~*~ (stealth).
 56354 | Pan      | Noticed Lom Lobon
 56355 | Pan      | 56355 ||| Stepping ~*~*~tactically~*~*~ (stealth).
 56360 | Pan      | 56360 ||| Stepping ~*~*~tactically~*~*~ (stealth).
 56386 | Pan      | 56386 ||| DRINKING 15 potions of haste.
 56387 | Pan      | 56387 ||| INVOKING Summon Divine Warrior.
 56388 | Pan      | 56388 ||| DRINKING 12 potions of might.
 56391 | Pan      | 56391 ||| INVOKING Cleansing Flame.
 56392 | Pan      | 56392 ||| INVOKING Cleansing Flame.
 56393 | Pan      | 56393 ||| INVOKING Cleansing Flame.
 56394 | Pan      | 56394 ||| INVOKING Cleansing Flame.
 56396 | Pan      | Killed Lom Lobon
 56397 | Pan      | 56397 ||| Stepping randomly (cloudy).
 56398 | Pan      | 56398 ||| Stepping ~*~*~tactically~*~*~ (cloud).
 56536 | Pan      | Got a magical rune of Zot
 56618 | Pan      | Entered the realm of Gloorx Vloq.
 56657 | Pan      | 56657 ||| Stepping ~*~*~tactically~*~*~ (stealth).
 56699 | Pan      | 56699 ||| Stepping ~*~*~tactically~*~*~ (stealth).
 56764 | Pan      | Found an exit through the horrors of the Abyss.
 56857 | Pan      | 56857 ||| Stepping ~*~*~tactically~*~*~ (stealth).
 56858 | Pan      | 56858 ||| Stepping ~*~*~tactically~*~*~ (stealth).
 56864 | Pan      | 56864 ||| Stepping ~*~*~tactically~*~*~ (stealth).
 56865 | Pan      | 56865 ||| Stepping ~*~*~tactically~*~*~ (stealth).
 56871 | Pan      | 56871 ||| Stepping ~*~*~tactically~*~*~ (stealth).
 57013 | Pan      | 57013 ||| INVOKING Cleansing Flame.
 57038 | Pan      | 57038 ||| Stepping ~*~*~tactically~*~*~ (hiding).
 57066 | Pan      | Noticed Gloorx Vloq
 57067 | Pan      | 57067 ||| Stepping ~*~*~tactically~*~*~ (hiding).
 57069 | Pan      | 57069 ||| INVOKING Summon Divine Warrior.
 57075 | Pan      | Killed Gloorx Vloq
 57109 | Pan      | Got a dark rune of Zot
 57143 | Pan      | Entered the realm of Mnoleg.
 57185 | Pan      | Gained mutation: Your spells are a little harder to cast,
                  | but a little more powerful. [a cacodemon]
 57305 | Pan      | 57305 ||| READING scroll of enchant weapon.
 57305 | Pan      | 57305 ||| ENCHANTING +7 broad axe of holy wrath.
 57314 | Pan      | 57314 ||| Stepping ~*~*~tactically~*~*~ (stealth).
 57325 | Pan      | 57325 ||| Stepping ~*~*~tactically~*~*~ (stealth).
 57339 | Pan      | Gained mutation: You occasionally lose the ability to read
                  | scrolls when taking damage. [a cacodemon]
 57356 | Pan      | 57356 ||| Stepping ~*~*~tactically~*~*~ (stealth).
 57359 | Pan      | 57359 ||| Stepping ~*~*~tactically~*~*~ (hiding).
 57362 | Pan      | Gained mutation: Armour fits poorly on your strangely
                  | shaped body. [a cacodemon]
 57449 | Pan      | 57449 ||| Stepping ~*~*~tactically~*~*~ (stealth).
 57450 | Pan      | 57450 ||| Stepping ~*~*~tactically~*~*~ (stealth).
 57451 | Pan      | 57451 ||| Stepping ~*~*~tactically~*~*~ (stealth).
 57452 | Pan      | 57452 ||| DRINKING 18 potions of mutation.
 57452 | Pan      | Lost mutation: Armour fits poorly on your strangely shaped
                  | body. [potion of mutation]
 57452 | Pan      | Lost mutation: You expend magic power (3 MP) to strengthen
                  | your wands. [potion of mutation]
 57452 | Pan      | Gained mutation: You have hidden genetic potential. [potion
                  | of mutation]
 57452 | Pan      | Gained mutation: You are partially covered in iridescent
                  | scales. (AC +2) [potion of mutation]
 57452 | Pan      | Gained mutation: You have sharp toenails. [potion of
                  | mutation]
 57453 | Pan      | 57453 ||| DRINKING 17 potions of mutation.
 57453 | Pan      | Lost mutation: You have sharp toenails. [potion of
                  | mutation]
 57453 | Pan      | Lost mutation: You are dopey. (Int -2) [potion of mutation]
 57454 | Pan      | 57454 ||| DRINKING 16 potions of mutation.
 57454 | Pan      | Lost mutation: Your spells are a little harder to cast, but
                  | a little more powerful. [potion of mutation]
 57454 | Pan      | Lost mutation: You are partially covered in iridescent
                  | scales. (AC +2) [potion of mutation]
 57454 | Pan      | Lost mutation: You occasionally lose the ability to read
                  | scrolls when taking damage. [potion of mutation]
 57454 | Pan      | Gained mutation: You are agile. (Dex +4, Str/Int -1)
                  | [potion of mutation]
 57454 | Pan      | Gained mutation: Armour fits poorly on your strangely
                  | shaped body. [potion of mutation]
 57455 | Pan      | 57455 ||| Stepping ~*~*~tactically~*~*~ (stealth).
 57456 | Pan      | 57456 ||| DRINKING 15 potions of mutation.
 57456 | Pan      | Lost mutation: Armour fits poorly on your strangely shaped
                  | body. [potion of mutation]
 57456 | Pan      | Lost mutation: You are agile. (Dex +4, Str/Int -1) [potion
                  | of mutation]
 57456 | Pan      | Gained mutation: You sometimes lose your temper in combat.
                  | [potion of mutation]
 57456 | Pan      | Gained mutation: You occasionally lose the ability to drink
                  | potions when taking damage. [potion of mutation]
 57456 | Pan      | Gained mutation: You have a somewhat thin skeletal
                  | structure. (Dex +2, Stealth+) [potion of mutation]
 57457 | Pan      | 57457 ||| Stepping ~*~*~tactically~*~*~ (stealth).
 57458 | Pan      | 57458 ||| DRINKING 14 potions of mutation.
 57458 | Pan      | Lost mutation: You sometimes lose your temper in combat.
                  | [potion of mutation]
 57458 | Pan      | Lost mutation: You have hidden genetic potential. [potion
                  | of mutation]
 57458 | Pan      | Gained mutation: You are somewhat resistant to further
                  | mutation. [potion of mutation]
 57459 | Pan      | 57459 ||| DRINKING 13 potions of mutation.
 57459 | Pan      | Lost mutation: You have a somewhat thin skeletal structure.
                  | (Dex +2, Stealth+) [potion of mutation]
 57459 | Pan      | Lost mutation: You are somewhat resistant to further
                  | mutation. [potion of mutation]
 57459 | Pan      | Lost mutation: You occasionally lose the ability to drink
                  | potions when taking damage. [potion of mutation]
 57459 | Pan      | Gained mutation: You are weak. (Str -2) [potion of
                  | mutation]
 57459 | Pan      | Gained mutation: You are partially covered in iridescent
                  | scales. (AC +2) [potion of mutation]
 57459 | Pan      | Gained mutation: You are clumsy. (Dex -2) [potion of
                  | mutation]
 57459 | Pan      | Gained mutation: You possess an exceptional clarity of
                  | mind. [potion of mutation]
 57478 | Pan      | 57478 ||| Stepping ~*~*~tactically~*~*~ (hiding).
 57479 | Pan      | 57479 ||| Stepping ~*~*~tactically~*~*~ (hiding).
 57487 | Pan      | 57487 ||| Stepping ~*~*~tactically~*~*~ (hiding).
 57488 | Pan      | 57488 ||| Stepping ~*~*~tactically~*~*~ (hiding).
 57493 | Pan      | 57493 ||| Stepping ~*~*~tactically~*~*~ (stealth).
 57494 | Pan      | 57494 ||| Stepping ~*~*~tactically~*~*~ (hiding).
 57538 | Pan      | 57538 ||| Stepping ~*~*~tactically~*~*~ (hiding).
 57561 | Pan      | 57561 ||| Stepping ~*~*~tactically~*~*~ (stealth).
 57611 | Pan      | Found an exit through the horrors of the Abyss.
 57628 | Pan      | 57628 ||| Stepping ~*~*~tactically~*~*~ (hiding).
 57650 | Pan      | 57650 ||| Stepping ~*~*~tactically~*~*~ (stealth).
 57651 | Pan      | 57651 ||| Stepping ~*~*~tactically~*~*~ (stealth).
 57676 | Pan      | 57676 ||| Stepping ~*~*~tactically~*~*~ (stealth).
 57678 | Pan      | 57678 ||| Stepping ~*~*~tactically~*~*~ (hiding).
 57789 | Pan      | 57789 ||| Stepping ~*~*~tactically~*~*~ (stealth).
 57790 | Pan      | 57790 ||| Stepping ~*~*~tactically~*~*~ (stealth).
 57792 | Pan      | 57792 ||| Stepping ~*~*~tactically~*~*~ (hiding).
 57812 | Pan      | Gained mutation: Armour fits poorly on your strangely
                  | shaped body. [a cacodemon]
 57813 | Pan      | 57813 ||| Stepping ~*~*~tactically~*~*~ (hiding).
 57814 | Pan      | Gained mutation: Your magical capacity is low. (-10% MP) [a
                  | cacodemon]
 57830 | Pan      | 57830 ||| DRINKING 13 potions of mutation.
 57830 | Pan      | Lost mutation: Armour fits poorly on your strangely shaped
                  | body. [potion of mutation]
 57830 | Pan      | Lost mutation: Your magical capacity is low. (-10% MP)
                  | [potion of mutation]
 57830 | Pan      | Gained mutation: Your mind is acute. (Int +4, Str/Dex -1)
                  | [potion of mutation]
 57830 | Pan      | Lost mutation: Your mind is acute. (Int +4, Str/Dex -1)
                  | [potion of mutation]
 57833 | Pan      | 57833 ||| Stepping ~*~*~tactically~*~*~ (hiding).
 57834 | Pan      | 57834 ||| Stepping ~*~*~tactically~*~*~ (hiding).
 57835 | Pan      | 57835 ||| Stepping ~*~*~tactically~*~*~ (hiding).
 57836 | Pan      | 57836 ||| Stepping ~*~*~tactically~*~*~ (hiding).
 57838 | Pan      | 57838 ||| Stepping ~*~*~tactically~*~*~ (hiding).
 57839 | Pan      | 57839 ||| Stepping ~*~*~tactically~*~*~ (hiding).
 57840 | Pan      | 57840 ||| Stepping ~*~*~tactically~*~*~ (hiding).
 57841 | Pan      | 57841 ||| Stepping ~*~*~tactically~*~*~ (hiding).
 57849 | Pan      | Gained mutation: You are vulnerable to cold. (rC-) [a
                  | cacodemon]
 57879 | Pan      | Reached skill level 24 in Armour
 57906 | Pan      | 57906 ||| Stepping ~*~*~tactically~*~*~ (stealth).
 57909 | Pan      | 57909 ||| Stepping ~*~*~tactically~*~*~ (hiding).
 58010 | Pan      | 58010 ||| Stepping ~*~*~tactically~*~*~ (hiding).
 58035 | Pan      | 58035 ||| Stepping ~*~*~tactically~*~*~ (hiding).
 58066 | Pan      | Noticed Mnoleg
 58067 | Pan      | 58067 ||| Stepping ~*~*~tactically~*~*~ (hiding).
 58068 | Pan      | 58068 ||| INVOKING Summon Divine Warrior.
 58077 | Pan      | Killed Mnoleg
 58092 | Pan      | 58092 ||| Stepping ~*~*~tactically~*~*~ (stealth).
 58096 | Pan      | Got a glowing rune of Zot
 58157 | Pan      | Entered the realm of Cerebov.
 58166 | Pan      | 58166 ||| Stepping ~*~*~tactically~*~*~ (hiding).
 58278 | Pan      | 58278 ||| Stepping ~*~*~tactically~*~*~ (stealth).
 58322 | Pan      | 58322 ||| Stepping ~*~*~tactically~*~*~ (hiding).
 58327 | Pan      | 58327 ||| Stepping ~*~*~tactically~*~*~ (hiding).
 58350 | Pan      | 58350 ||| Stepping ~*~*~tactically~*~*~ (hiding).
 58351 | Pan      | 58351 ||| Stepping ~*~*~tactically~*~*~ (hiding).
 58352 | Pan      | 58352 ||| Stepping ~*~*~tactically~*~*~ (hiding).
 58370 | Pan      | 58370 ||| Stepping ~*~*~tactically~*~*~ (stealth).
 58401 | Pan      | 58401 ||| Stepping ~*~*~tactically~*~*~ (hiding).
 58402 | Pan      | 58402 ||| Stepping ~*~*~tactically~*~*~ (hiding).
 58511 | Pan      | 58511 ||| Stepping ~*~*~tactically~*~*~ (hiding).
 58575 | Pan      | 58575 ||| Stepping ~*~*~tactically~*~*~ (hiding).
 58591 | Pan      | Found an exit through the horrors of the Abyss.
 58681 | Pan      | 58681 ||| Stepping ~*~*~tactically~*~*~ (hiding).
 58702 | Pan      | Identified the +5 scimitar "Orb Guardian's Curse" {vamp,
                  | rCorr}
 58703 | Pan      | 58703 ||| Stepping ~*~*~tactically~*~*~ (stealth).
 58705 | Pan      | 58705 ||| Stepping ~*~*~tactically~*~*~ (stealth).
 58707 | Pan      | 58707 ||| Stepping ~*~*~tactically~*~*~ (stealth).
 58709 | Pan      | 58709 ||| Stepping ~*~*~tactically~*~*~ (hiding).
 58713 | Pan      | 58713 ||| Stepping ~*~*~tactically~*~*~ (hiding).
 58719 | Pan      | 58719 ||| Stepping ~*~*~tactically~*~*~ (hiding).
 58721 | Pan      | 58721 ||| Stepping ~*~*~tactically~*~*~ (hiding).
 58756 | Pan      | 58756 ||| INVOKING Summon Divine Warrior.
 58757 | Pan      | 58757 ||| INVOKING Cleansing Flame.
 58765 | Pan      | Found the +6 sword of Cerebov {flame}
 58765 | Pan      | Noticed Cerebov
 58766 | Pan      | 58766 ||| DRINKING 14 potions of haste.
 58767 | Pan      | 58767 ||| DRINKING 8 potions of resistance.
 58768 | Pan      | 58768 ||| DRINKING 11 potions of might.
 58773 | Pan      | 58773 ||| Stepping randomly (cloudy).
 58774 | Pan      | 58774 ||| INVOKING Cleansing Flame.
 58778 | Pan      | 58778 ||| INVOKING Summon Divine Warrior.
 58789 | Pan      | Killed Cerebov
 59221 | Pan      | Identified the +8 triple sword of the Evil Eye {antimagic,
                  | Will+ Int+3 Stlth+}
 59298 | Pan      | Got a fiery rune of Zot
 59321 | Pan      | Identified the +8 dagger "Qofrisabb" {speed, Fragile rC+
                  | Dex+5 Stlth-}
 59326 | Pan      | Identified the amulet of Jebruusmie {Faith Stlth+}
 59330 | Pan      | 59330 ||| PLANNING SLIME:5
 59330 | Pan      | 59330 ||| UPGRADING to +0 pair of gloves "Yzimoyw" {rC-
                  | rCorr MP+9 Dex+9}.
 59340 | Pan      | 59340 ||| SWAPPING to +9 broad axe "Ziug" {flame, rCorr
                  | Dex+2 Stlth+}.
 59341 | Pan      | 59341 ||| UPGRADING to +2 cloak.
 59351 | Pan      | 59351 ||| DROPPING +2 pair of gloves of stealth.
 59352 | Pan      | 59352 ||| UPGRADING to +1 pair of gloves of Wekir {rN+
                  | Regen+ Int-3}.
 59371 | Pan      | 59371 ||| DROPPING amulet of Jebruusmie {Faith Stlth+}.
 59405 | Pan      | Found an exit through the horrors of the Abyss.
 59443 | Pan      | 59443 ||| Stepping ~*~*~tactically~*~*~ (stealth).
 59484 | Pan      | 59484 ||| Stepping ~*~*~tactically~*~*~ (stealth).
 59501 | Pan      | Identified the amulet "Kuoqim" {Reflect Drain rN+ Regen+
                  | Int+4 SH+5}
 59519 | Pan      | 59519 ||| Stepping ~*~*~tactically~*~*~ (stealth).
 59524 | Pan      | 59524 ||| DRINKING 7 potions of resistance.
 59525 | Pan      | 59525 ||| INVOKING Summon Divine Warrior.
 59529 | Pan      | 59529 ||| INVOKING Summon Divine Warrior.
 59531 | Pan      | 59531 ||| INVOKING Summon Divine Warrior.
 59535 | Pan      | 59535 ||| INVOKING Cleansing Flame.
 59544 | Pan      | Noticed Bukiamuw the pandemonium lord
 59553 | Pan      | Killed Bukiamuw the pandemonium lord
 59652 | Pan      | 59652 ||| DRINKING 6 potions of resistance.
 59827 | Pan      | 59827 ||| UPGRADING to amulet "Kuoqim" {Reflect Drain rN+
                  | Regen+ Int+4 SH+5}.
 59837 | Pan      | 59837 ||| DROPPING amulet of reflection.
 59876 | Depths:2 | Escaped Pandemonium
 60145 | Slime:1  | Entered Level 1 of the Pits of Slime
 60150 | Slime:1  | Gained mutation: You are very clumsy. (Dex -4) [a shining
                  | eye]
 60201 | Slime:3  | 60201 ||| Stepping randomly (stuck).
 60202 | Slime:3  | 60202 ||| Stepping randomly (stuck).
 60203 | Slime:3  | 60203 ||| Stepping randomly (stuck).
 60204 | Slime:3  | 60204 ||| Stepping randomly (stuck).
 60341 | Slime:4  | 60341 ||| STAIRDANCE
 60355 | Slime:4  | 60355 ||| STAIRDANCE
 60360 | Slime:3  | Reached skill level 1 in Short Blades
 60361 | Slime:3  | Gained mutation: You occasionally lose the ability to read
                  | scrolls when taking damage. [a shining eye]
 60368 | Slime:3  | 60368 ||| DRINKING 12 potions of mutation.
 60368 | Slime:3  | Lost mutation: You possess an exceptional clarity of mind.
                  | [potion of mutation]
 60368 | Slime:3  | Lost mutation: You occasionally lose the ability to read
                  | scrolls when taking damage. [potion of mutation]
 60368 | Slime:3  | Lost mutation: You are vulnerable to cold. (rC-) [potion of
                  | mutation]
 60368 | Slime:3  | Lost mutation: You are partially covered in iridescent
                  | scales. (AC +2) [potion of mutation]
 60368 | Slime:3  | Lost mutation: You are very clumsy. (Dex -4) [potion of
                  | mutation]
 60368 | Slime:3  | Gained mutation: You have a pair of small horns on your
                  | head. [potion of mutation]
 60368 | Slime:3  | Gained mutation: You are somewhat resistant to further
                  | mutation. [potion of mutation]
 60369 | Slime:3  | 60369 ||| DROPPING +0 helmet of the Ancient Bounties
                  | {Regen+ Dex+4}.
 60385 | Slime:4  | 60385 ||| Stepping randomly (stuck).
 60405 | Slime:4  | 60405 ||| Stepping randomly (stuck).
 60406 | Slime:4  | 60406 ||| Stepping randomly (stuck).
 60447 | Slime:4  | 60447 ||| Stepping randomly (stuck).
 60448 | Slime:4  | 60448 ||| Stepping randomly (stuck).
 60465 | Slime:5  | Entered Level 5 of the Pits of Slime
 60467 | Slime:5  | 60467 ||| STAIRDANCE
 60572 | Slime:5  | 60572 ||| STAIRDANCE
 60587 | Slime:5  | 60587 ||| STAIRDANCE
 60592 | Slime:5  | 60592 ||| STAIRDANCE
 60599 | Slime:5  | 60599 ||| STAIRDANCE
 60606 | Slime:5  | 60606 ||| STAIRDANCE
 60613 | Slime:5  | 60613 ||| STAIRDANCE
 60615 | Slime:4  | 60615 ||| DRINKING 32 potions of curing.
 60615 | Slime:4  | 60615 ||| (to cure confusion)
 60618 | Slime:4  | Reached skill level 3 in Short Blades
 60627 | Slime:5  | 60627 ||| STAIRDANCE
 60651 | Slime:5  | Noticed the Royal Jelly
 60652 | Slime:5  | 60652 ||| INVOKING Summon Divine Warrior.
 60667 | Slime:5  | 60667 ||| INVOKING Summon Divine Warrior.
 60667 | Slime:5  | HP: 43/197 [acid blob/splash of acid[the Royal Jelly] (13)]
 60668 | Slime:5  | 60668 ||| DRINKING 31 potions of curing.
 60668 | Slime:5  | 60668 ||| (to cure confusion)
 60669 | Slime:5  | 60669 ||| READING 23 scrolls of teleportation.
 60669 | Slime:5  | HP: 10/197 [rockslime[the Royal Jelly] (12)]
 60669 | Slime:5  | Mangled by an acid blob

Levels and vault maps discovered:
D:1:      erik_arrival_triangle_huge, layout_basic,
          nicolae_ecumenical_snake_handling, minmay_pentomino_p2
D:2:      layout_basic, serial_shops, nicolae_shop_hallway_stairs,
          minmay_pentomino_pile
D:3:      layout_rooms, grunt_ministairs_8, minivault_26,
          minmay_misc_feat_pillars, uniq_ijyb
D:4:      layout_gridville, mainiacjoe_overflow_24_doors, serial_undead,
          serial_undead_b, serial_undead_f, serial_undead_c, serial_undead_a,
          minmay_misc_feat_square, grunt_tough_drop, uniq_pikel
D:5:      layout_rooms, nicolae_vehumet_radiance, serial_demonic,
          serial_demonic_a, serial_demonic_e, serial_demonic_g,
          serial_demonic_d, gup_sewer_entry_pipe, gammafunk_ghost_cemetery
D:6:      layout_basic
D:7:      layout_loops_cross, temple_fountains,
          minmay_fractal_squares_diagonal_5
D:8:      layout_basic, minitemple, lair_entry_dummy, minmay_fountain_box,
          uniq_amaemon, uniq_grum
D:9:      layout_layer_cave
D:10:     layout_loops_ring, amcnicky_mini_pool_small, nicolae_wwwww
D:11:     layout_stronghold, erik_orc_2
D:12:     layout_irregular_city
D:13:     hangedman_what_comes_after_a, layout_layer_cave,
          skrybe_vaults_entry_preservation, grunt_ministairs_2,
          minmay_shop_grid_forest, okawaru_trees_1, uniq_maurice, uniq_frances,
          uniq_sonja
D:14:     cheibrodos_quadrivalence, layout_cave_pools, hex_tiny,
          grunt_ministairs_10, hangedman_decor_lopped,
          chequers_serial_rivers_small_3, uniq_rupert, uniq_roxanne,
          uniq_josephine, uniq_agnes
D:15:     hangedman_depths_entry_civil_slaughter, layout_loops_ring,
          portal_ice_cave_entry_ice_statue_two, minmay_increasing_density
Temple:   nicolae_temple_ecumenical_triangle
Lair:1:   gammafunk_worm_tunnel, layout_regular_city, uniq_maggie
Lair:2:   layout_chaotic_city, dummy_snake_entry, serial_bayou_shore_b
Lair:3:   layout_roguey, elwin_shoals_entry_rooms, ebering_ghost_inner_flame,
          nzn_sisyphean_effort, uniq_fannar
Lair:4:   layout_long_grid, slime_entry_1, grunt_megastairs_3,
          serial_bayou_shore_b
Lair:5:   due_jungle_book, layout_regular_city, serial_bayou_shore_b,
          lemuel_fruit_fields
Shoals:1: layout_shoals, uniq_aizul
Shoals:2: layout_shoals, nicolae_shoals_siren_and_animal_friends
Shoals:3: layout_shoals, nicolae_shoals_so_close
Shoals:4: shoals_end_grunt_ice, layout_shoals, uniq_polyphemus
Snake:1:  layout_layer_cave, special_room, nicolae_snake_salamander_zone
Snake:2:  layout_chambers
Snake:3:  layout_chambers, grunt_megastairs_1
Snake:4:  minmay_snake_end_coiled, layout_cave_town
Slime:1:  layout_caves, nicolae_slime_ancient_tower_intersection
Slime:2:  layout_caves
Slime:3:  layout_caves, nicolae_slime_phagocytosis
Slime:4:  layout_caves, cheibrodos_slime_lost_civilization_5
Slime:5
Orc:1:    layout_caves, mines2_lemuel, uniq_nergalle
Orc:2:    st_orc_ogre_mass, layout_caves, basic_altar, uniq_snorg
Vaults:1: vaults_room_door_ring, st_cross, v_pattern_2,
          hangedman_vaults_stretched_pinwheel, v_alt_pattern_4, v_rooms_3,
          nicolae_vaults_back_hallway, hangedman_vaults_stretched_pinwheel,
          nicolae_vaults_ring_of_whatevers, v_alt_pattern_2,
          grunt_vaults_funnel, nicolae_vaults_ring_of_whatevers,
          layout_vaults_ring
Vaults:2: v_alt_pattern_1, ontoclasm_vaults_shout, hangedman_vaults_pinch,
          nicolae_vaults_network_square, minmay_crypt_entry_simple_sparse,
          hangedman_vaults_nodes, v_misc_24, vaults_dpeg_encased_lava,
          vaults_mumra_hexcomb, v_alt_pattern_1, grunt_vaults_focal,
          nicolae_vaults_network_quinsquares
          [nicolae_vaults_network_quincunx_subvault,
          nicolae_vaults_network_quincunx_subvault,
          nicolae_vaults_network_quincunx_subvault,
          nicolae_vaults_network_quincunx_subvault], v_misc_9,
          vaults_room_door_ring, vaults_dpeg_emergency_exit,
          layout_vaults_maze_snakey, uniq_mennas
Vaults:3: vaults_room_semicircle, vaults_room_semicircle,
          dpeg_vaults_monster_row, nicolae_vaults_what_the_h,
          vaults_standard_mumra_enter_the_diamond, hangedman_vaults_locks,
          vaults_dpeg_cross, nicolae_vaults_border_crossing,
          vaults_room_corners, layout_vaults_chaotic_city, serial_shops,
          nicolae_shop_hallway_stairs
Vaults:4: ontoclasm_vaults_chip, nicolae_vaults_big_ls,
          hangedman_vaults_river_flow, v_misc_15, v_misc_11,
          nicolae_vaults_little_squares_4, layout_vaults_quadrants
Vaults:5
Crypt:1:  layout_regular_city, uniq_khufu
Crypt:2:  layout_basic, uniq_sojobo
Crypt:3:  church_of_pain_bobbens, layout_chaotic_city,
          tomb_entry_simple_bobbens, pandoras_box_mu
Tomb:1
Tomb:2
Tomb:3
Depths:1: layout_big_octagon, nicolae_hell_entry_hellmouth_sunbeams,
          nicolae_figureground_pulse, xom_teletrap_fun, minmay_shop_grove
Depths:2: minmay_nine_rooms, layout_cave_pools, hell_entry,
          nicolae_uskayaw_dance_hall, pan_entry, serial_bayou_shore_b,
          infiniplex_staircase_pillars_3a
Depths:3: minmay_triangles_in_corner, layout_cave_shapes,
          grunt_pan_entry_spiral, serial_bayou_pond_b,
          hangedman_abyss_entry_splay, pf_hell_entry_tar_river,
          nicolae_ru_great_annihilating_truth, uniq_grunn
Depths:4: grunt_zot_entry_alcove, layout_cave_pools, enter_ziggurat_d,
          serial_glass, glass_columns_a, glass_columns_a, hell_entry, pan_entry,
          trove_entry_hex_spiral, drop_trap, uniq_enchantress
Zot:1:    lemuel_firehouse, layout_onion_interference
Zot:2:    layout_basic, grunt_megastairs_5
Zot:3:    layout_misc_corridors, door_vault
Zot:4:    layout_cellular_growth

Skill      XL: |  1  2  3  4  5  6  7  8  9 10 11 12 13 14 15 16 17 18 19 20 21 22 23 24 25 26 27 |
---------------+----------------------------------------------------------------------------------+-----
Axes           | 2 3 5 7 8 10 11 12 14 15 16 18 | 18.0
Fighting       | 4 5 7 8 9 10 11 12 13 14 15 17 18 19 20 22 24 26 | 26.8
Dodging        | 1 2 3 4 5 6 7 8 9 11 13 14 | 14.0
Throwing       | 1 2 3 4 5 6 8 9 10 11 12 13 14 | 14.0
Armour         | 4 5 7 8 9 10 11 12 13 14 15 16 18 20 21 22 25 | 25.0
Shields        | 4 5 6 7 11 13 16 18 19 20 21 22 | 22.9
Invocations    | 4 7 10 11 18 27 | 27.0
Short Blades   | 3 |  3.9

Action                   |  1- 3 |  4- 6 |  7- 9 | 10-12 | 13-15 | 16-18 | 19-21 | 22-24 | 25-27 || total
-------------------------+-------+-------+-------+-------+-------+-------+-------+-------+-------++-------
Melee: War axe           |   126 |   221 |   392 |    95 |       |       |       |       |       ||   834
       Broad axe         |       |       |       |   244 |   627 |   837 |  1011 |   848 |  2090 ||  5657
       Headbutt          |       |       |       |       |       |       |       |       |    12 ||    12
Throw: Boomerang         |    38 |    59 |    90 |    16 |    48 |    45 |     2 |    12 |    55 ||   365
       Javelin           |       |       |     6 |    55 |   118 |    56 |   101 |    88 |   225 ||   649
Invok: Heroism           |       |       |       |    27 |    34 |    40 |    37 |    31 |    13 ||   182
       Finesse           |       |       |       |     1 |    13 |     6 |    10 |    14 |     2 ||    46
       Cleansing Flame   |       |       |       |       |       |       |       |       |    88 ||    88
       Summon Divine War |       |       |       |       |       |       |       |       |    27 ||    27
       Brand Weapon With |       |       |       |       |       |       |       |       |     1 ||     1
Evoke: Wand              |       |       |       |       |       |       |       |     1 |       ||     1
  Use: Scroll            |     6 |     5 |    10 |     6 |     1 |       |     2 |     3 |    14 ||    47
       Potion            |       |     4 |     3 |     2 |       |       |     1 |     4 |    34 ||    48
 Stab: Distracted        |       |       |       |       |       |       |       |     1 |       ||     1
       Invisible         |       |       |       |       |       |       |       |     1 |       ||     1
       Paralysed         |       |       |       |       |       |       |       |     1 |       ||     1
       Confused          |       |       |       |       |       |       |       |       |     2 ||     2
Armor: Scale mail        |    72 |   133 |    84 |       |       |       |       |       |       ||   289
       Chain mail        |       |       |   159 |     4 |       |       |       |       |       ||   163
       Plate armour      |       |       |       |   200 |   258 |   196 |   183 |   305 |   643 ||  1785
Dodge: Dodged            |    79 |   131 |   165 |   104 |   180 |   198 |   179 |   291 |   518 ||  1845
Block: Buckler           |    23 |   105 |   185 |   141 |    30 |       |       |       |       ||   484
       Reflection        |       |       |     1 |     2 |    16 |   128 |    71 |    29 |    62 ||   309
       Kite shield       |       |       |       |       |   273 |   356 |       |       |       ||   629
       Tower shield      |       |       |       |       |       |   560 |   919 |  1037 |  2174 ||  4690

Table legend:
 A = Non-vault XP
 B = Vault XP
 C = Vault XP percentage of total XP
 D = Non-vault monster count
 E = Vault monster count
 F = Vault count percentage of total count
                 A         B        C        D         E       F
            +---------+---------+-------+---------+---------+-------
      Total |  972030 |  932386 |  49.0 |    1780 |    1219 |  40.6
            +---------+---------+-------+---------+---------+-------
        D:1 |      43 |       6 |  12.2 |      28 |       5 |  15.2
        D:2 |      77 |       6 |   7.2 |      23 |       4 |  14.8
        D:3 |      35 |      81 |  69.8 |      19 |       3 |  13.6
        D:4 |     437 |    1015 |  69.9 |      16 |      11 |  40.7
        D:5 |     529 |      86 |  14.0 |      11 |      12 |  52.2
        D:6 |     632 |       0 |   0.0 |      20 |       0 |   0.0
        D:7 |    1209 |     400 |  24.9 |      22 |       7 |  24.1
        D:8 |    1826 |    1728 |  48.6 |      19 |       6 |  24.0
        D:9 |    4535 |       0 |   0.0 |      38 |       0 |   0.0
       D:10 |    4094 |       0 |   0.0 |      26 |       0 |   0.0
       D:11 |    3104 |     653 |  17.4 |      20 |      21 |  51.2
       D:12 |    5052 |     125 |   2.4 |      11 |       6 |  35.3
       D:13 |    4226 |   23764 |  84.9 |       7 |      77 |  91.7
       D:14 |    4908 |   10939 |  69.0 |       7 |      17 |  70.8
       D:15 |    9488 |    9084 |  48.9 |      26 |      15 |  36.6
     Lair:1 |    5701 |     346 |   5.7 |      22 |       1 |   4.3
     Lair:2 |    4078 |       0 |   0.0 |      17 |       0 |   0.0
     Lair:3 |    8516 |    2739 |  24.3 |      30 |       6 |  16.7
     Lair:4 |    8905 |     759 |   7.9 |      33 |       3 |   8.3
     Lair:5 |   13947 |   14221 |  50.5 |      43 |      25 |  36.8
   Shoals:1 |   18961 |    1224 |   6.1 |      35 |       1 |   2.8
   Shoals:2 |   18297 |    3383 |  15.6 |      34 |       6 |  15.0
   Shoals:3 |   20989 |     214 |   1.0 |      44 |       1 |   2.2
   Shoals:4 |   17595 |   25331 |  59.0 |      38 |      38 |  50.0
    Snake:1 |   12604 |    9468 |  42.9 |      28 |      18 |  39.1
    Snake:2 |   12460 |       0 |   0.0 |      25 |       0 |   0.0
    Snake:3 |   19982 |    1251 |   5.9 |      36 |       2 |   5.3
    Snake:4 |   25446 |   19221 |  43.0 |      51 |      35 |  40.7
    Slime:1 |    4842 |       0 |   0.0 |      17 |       0 |   0.0
    Slime:3 |   13581 |    1100 |   7.5 |      15 |       4 |  21.1
    Slime:4 |   14034 |    4221 |  23.1 |      29 |       6 |  17.1
    Slime:5 |    1296 |    6357 |  83.1 |       2 |       6 |  75.0
      Orc:1 |    4142 |     785 |  15.9 |      41 |       1 |   2.4
      Orc:2 |    1629 |   18414 |  91.9 |      27 |      41 |  60.3
   Vaults:1 |    8540 |   16750 |  66.2 |      16 |      26 |  61.9
   Vaults:2 |   18877 |   28953 |  60.5 |      26 |      33 |  55.9
   Vaults:3 |   13686 |   30363 |  68.9 |      19 |      36 |  65.5
   Vaults:4 |   10361 |   27368 |  72.5 |      17 |      37 |  68.5
   Vaults:5 |   36958 |   91242 |  71.2 |      48 |      80 |  62.5
    Crypt:1 |   31500 |   10731 |  25.4 |      49 |       6 |  10.9
    Crypt:2 |   31997 |    3365 |   9.5 |      42 |       2 |   4.5
    Crypt:3 |   36207 |   60259 |  62.5 |      49 |      75 |  60.5
     Tomb:1 |   14598 |  132014 |  90.0 |      32 |      96 |  75.0
     Tomb:2 |    6585 |   31250 |  82.6 |      23 |      48 |  67.6
     Tomb:3 |    4857 |   80736 |  94.3 |      14 |      91 |  86.7
   Depths:1 |   28771 |    9198 |  24.2 |      36 |      14 |  28.0
   Depths:2 |   35968 |   26120 |  42.1 |      45 |      22 |  32.8
   Depths:3 |   29469 |   32468 |  52.4 |      34 |      32 |  48.5
   Depths:4 |   45329 |   28258 |  38.4 |      49 |      29 |  37.2
      Zot:1 |   24968 |   11870 |  32.2 |      21 |      28 |  57.1
      Zot:2 |   53769 |   11308 |  17.4 |      44 |       9 |  17.0
      Zot:3 |   24996 |       0 |   0.0 |      17 |       0 |   0.0
      Zot:4 |   59533 |       0 |   0.0 |      50 |       0 |   0.0
    Abyss:3 |    5696 |       0 |   0.0 |      15 |       0 |   0.0
        Pan |  182165 |  142851 |  44.0 |     274 |     121 |  30.6
      Sewer |       0 |     361 | 100.0 |       0 |      56 | 100.0
            +---------+---------+-------+---------+---------+-------
